Workbook
Name frais: #REF!
Name tabcodenote: 'Matrices Formulaires'!#REF!
Name tabcodenote: #REF!

Sheet Gestion du temps
A1: ='Matrice Gestion du temps'!B78 | E1: =IF(OR(AND('Formulaire unique'!Y74="oui",'Formulaire unique'!W89="Autre"),AND('Formulaire unique'!W89="Café L'Auriculaire",'Formulaire unique'!I40>=0.6666667),AND('Formulaire unique'!W89="Café L'Auriculaire",'Formulaire unique'!Q40>=0.6666667),AND('Formulaire unique'!W89="Bar Le Baromètre",'Formulaire unique'!I40<0.666666)),"En attente d'approbation des SCÉ","")
A3: =IF(OR(I5>0,AND('Formulaire unique'!AA63="non",'Matrice Gestion du temps'!C72="oui"),AND('Formulaire unique'!AA63="oui",'Matrices Formulaires'!AM41="complet"),AND('Formulaire unique'!AA63="oui",'Matrices Formulaires'!AK50="Allez à la section 3"),AND('Formulaire unique'!T72="non",'Matrices Formulaires'!AM81="complet"),AND('Formulaire unique'!AF111="oui",OR('Matrices Formulaires'!A121="complet",'Matrices Formulaires'!B121="complet",'Matrices Formulaires'!C121="complet",'Matrices Formulaires'!D121="complet")),AND('Formulaire unique'!W89="autre",OR('Matrices Formulaires'!A121="complet",'Matrices Formulaires'!B121="complet",'Matrices Formulaires'!C121="complet",'Matrices Formulaires'!D121="complet"))),"Formulaire EXPIRÉ ou NON VALIDE","Valide") -> Valide | E3: {=_xlfn.IFS(F9=0,"Formulaire Incomplet ou ne nous concerne pas",AND('Formulaire unique'!W89='Menus déroulant'!F6,'Formulaire unique'!Y74="non"),"Formulaire Incomplet ou ne nous concerne pas",AND(OR('Formulaire unique'!W89='Menus déroulant'!F4,'Formulaire unique'!W89='Menus déroulant'!F5),'Matrices Formulaires'!AM81=""),"Formulaire Incomplet ou ne nous concerne pas",AND('Formulaire unique'!Y74="oui",'Formulaire unique'!W89="Autre"),"")} -> Formulaire Incomplet ou ne nous concerne pas
A4: Date de l'événement | B4: Statu | C4: Tâches par événement | E4: Détails
C5: =F6 -> 0 | D5: =IF(E1="En attente d'approbation des SCÉ","!","") | E5: Date : | F5: =IF(OR('Formulaire unique'!K37="",'Formulaire unique'!M37="",'Formulaire unique'!O37=""),"",DATE('Formulaire unique'!O37,'Formulaire unique'!M37,'Formulaire unique'!K37)) | G5: =IF(F5="",TODAY(),DATE('Formulaire unique'!O37,'Formulaire unique'!M37,'Formulaire unique'!K37)) -> 45973 | H5: =TODAY() -> 45973 | I5: =H5-G5 -> 0 | J5: =F5 | K5: =MONTH(F5) -> #VALUE! | L5: =IF('Formulaire unique'!M37='Gestion du temps'!K5,"OK","Date impossible, veuillez SVP entrer une date valide") -> #VALUE!
C6: Mettre l'événement au calendrier | D6: oui | E6: Événement : | F6: ='Formulaire unique'!K33 -> 0 | G6: =IF(L5="Date impossible, veuillez SVP entrer une date valide","DATE INVALIDE") -> #VALUE!
C7: Envoyer courriel au client - confirmation | D7: oui | E7: Début : | F7: ='Formulaire unique'!I40 -> 0
C8: Passer la commande à la SAQ | D8: ='Matrice Gestion du temps'!B10 -> ? | E8: Fin : | F8: ='Formulaire unique'!Q40 -> 0
C9: Passer la commande au Baromètre | D9: ='Matrice Gestion du temps'!B21 -> ? | E9: Lieu : | F9: =IF(OR('Formulaire unique'!T72="",'Formulaire unique'!T72="non",'Formulaire unique'!W89="",'Formulaire unique'!W89="autre"),'Bon de commande'!L31,'Formulaire unique'!W89) -> 0
C10: Passer la commande à l'Auriculaire (incluant la location de matériel) | D10: ='Matrice Gestion du temps'!B32 -> ? | E10: Commande : | F10: ='Matrice Gestion du temps'!B54 -> ? | G10: =IF(F10='Matrice Gestion du temps'!D50,'Matrice Gestion du temps'!A57,"")
C11: Vérifier la disponibilité du matériel de location | D11: ='Matrice Gestion du temps'!B43 -> ? | E11: Organisé par : | F11: ='Formulaire unique'!T35 -> 0
C12: Aller chercher la commande à la SAQ | D12: ='Matrice Gestion du temps'!B10 -> ? | E12: Nb de personnes : | F12: {=_xlfn.IFS('Formulaire unique'!W89="",'Formulaire unique'!R42,'Formulaire unique'!W89='Menus déroulant'!F6,'Formulaire unique'!R42,AND('Formulaire unique'!W89='Menus déroulant'!F4,'Formulaire unique'!R42>48),"!!!",AND('Formulaire unique'!W89='Menus déroulant'!F4,'Formulaire unique'!R42<=48),'Formulaire unique'!R42,AND('Formulaire unique'!W89='Menus déroulant'!F5,'Formulaire unique'!R42>174),"!!!",AND('Formulaire unique'!W89='Menus déroulant'!F5,'Formulaire unique'!R42<=174),'Formulaire unique'!R42)} -> 0 | G12: =IF(F12="!!!","Le nombre de personnes attendues dépasse la capacité légale du local","")
C13: Envoyer courriel au client - Instructions de récupération de commande | D13: {=_xlfn.IFS(OR(D8="oui",D9="oui",D11="oui",D10="oui"),"oui",AND(D8="non",D9="non",D11="non"),"non",OR(D8="?",D9="?",D11="?",D10="?"),"?")} -> ? | E13: Responsable : | F13: ='Formulaire unique'!U44 -> 0
C14: Préparer la commande d'alcool (incluant la location de matériel) | D14: {=_xlfn.IFS(OR(D8="oui",D9="oui",D11="oui"),"oui",AND(D8="non",D9="non",D11="non"),"non",OR(D8="?",D9="?",D11="?"),"?")} -> ? | E14: Responsable : | F14: =IF(OR('Formulaire unique'!AD48="non",""),"",'Formulaire unique'!N50) -> 0
C15: AVIS de réception | D15: =IF(OR('Formulaire unique'!W89='Menus déroulant'!F4,'Formulaire unique'!W89='Menus déroulant'!F5),'Matrice Gestion du temps'!G68,'Matrice Gestion du temps'!M68) -> ? | E15: Courriel : | F15: =IF(OR('Formulaire unique'!AD48="non",'Formulaire unique'!AD48=""),'Formulaire unique'!I46,CONCATENATE('Formulaire unique'!I46,"; ",'Formulaire unique'!I52)) -> 0
C16: Produire la facture et l'envoyer au client | D16: {=_xlfn.IFS(OR(D8="oui",D9="oui",D10="oui",D11="oui",F10="oui",F10='Matrice Gestion du temps'!E52),"oui",AND(D8="non",D9="non",D10="non",D11="non",F10="non"),"non",OR(D8="?",D9="?",D10="?",D11="?",F10="?"),"?")} -> ? | E16: Facturer à l'ordre de : | F16: =IF(OR(F9="non",F9='Matrice Gestion du temps'!D50),"",'Formulaire unique'!V76) -> 0
C17: Payer Financement | D17: =IF('Formulaire unique'!AJ128="oui",'Formulaire unique'!U132,"non") -> non | E17: Nourriture : | F17: ='Formulaire unique'!T139 -> 0
C18: Encaisser le paiement | D18: {=_xlfn.IFS(D16="oui","oui",D16="non","non",D16="?","?")} -> ? | E18: Autres demandes : | F18: =IF('Formulaire unique'!I193="","",'Formulaire unique'!I193)
E19: Demande reçu via :

Sheet InstructionsEmployé(e)sCommande
B1: Commande Baromètre | AC1: Commande L'Auriculaire | BD1: Entente de prêt de matériel
B3: =IFERROR(CONCATENATE(CHOOSE(WEEKDAY('Formulaire unique'!$V$37,2),"lundi","mardi","mercredi","jeudi","vendredi","samedi","dimanche")," le "),"Date") -> Date | G3: ='Formulaire unique'!$V$37 | AC3: =IFERROR(CONCATENATE(CHOOSE(WEEKDAY('Formulaire unique'!$V$37,2),"lundi","mardi","mercredi","jeudi","vendredi","samedi","dimanche")," le "),"Date") -> Date | AH3: ='Formulaire unique'!$V$37 | AQ3: Heure
BE4: Prêteur
B5: Organisateur(s) : | G5: ='Bon de commande'!$N$133 | AC5: Organisateur(s) : | AH5: ='Bon de commande'!$N$133 | BE5: AGECAR
B6: Événement : | G6: ='Bon de commande'!$N$131 | AC6: Événement : | AH6: ='Bon de commande'!$N$131 | BE6: 300, allée Des Ursulines Local E-220
B7: Responsable : | G7: ='Bon de commande'!$N$134 | AC7: Responsable : | AH7: ='Bon de commande'!$N$134 | BE7: Rimouski (Québec)
B8: Courriel : | G8: ='Bon de commande'!$N$135 | AC8: Courriel : | AH8: ='Bon de commande'!$N$135 | BE8: G5L 3A1
B10: Bières en canette | Q10: Location de matériel | AF10: Service traiteur | BE10: Matériel | BW10: Quantité | BZ10: Valeur unitaire estimée
B11: Nom du produit | H11: Format | L11: Nombre de caisses | Q11: Matériel | AF11: Nom du produit | AS11: Format | AX11: Nombre
BE12: =IF('Bon de commande'!X100="","","Thermos à café") | BW12: =IF(AX13=0,"",AX13) | BZ12: =IF(BE12="","",250)
B13: ='Bon de commande'!C41 -> Molson Canadian | H13: ='Bon de commande'!I41 -> 24 x 473 ml | L13: =IF(OR('Bon de commande'!T41="",'Bon de commande'!T41=0),0,'Bon de commande'!T41) -> 0 | Q13: =IF('Bon de commande'!X117=0,"",CONCATENATE('Bon de commande'!X117," ",'Bon de commande'!C117)) | AF13: =IF('Bon de commande'!C100="","",'Bon de commande'!C100) -> Thermos de café (incluant lait et sucre) | AS13: =IF('Bon de commande'!P100="","",'Bon de commande'!P100) -> 9 à 10 tasses | AX13: =IF('Bon de commande'!X100="",0,'Bon de commande'!X100) -> 0 | BE13: =IF('Bon de commande'!C119="","",'Bon de commande'!C119) -> Verre à vin en vitre | BW13: =IF('Bon de commande'!X119="","",'Bon de commande'!X119)
B14: ='Bon de commande'!C42 -> Belgian Moon | H14: ='Bon de commande'!I42 -> 24 x 473 ml | L14: =IF(OR('Bon de commande'!T42="",'Bon de commande'!T42=0),0,'Bon de commande'!T42) -> 0 | Q14: =IF('Bon de commande'!X118=0,"",CONCATENATE('Bon de commande'!X118," ",'Bon de commande'!C118)) | AF14: =IF('Bon de commande'!C101="","",'Bon de commande'!C101) -> Muffins variés | AS14: =IF('Bon de commande'!P101="","",'Bon de commande'!P101) -> unité | AX14: =IF('Bon de commande'!X101="",0,'Bon de commande'!X101) -> 0 | BE14: =IF('Bon de commande'!C120="","",'Bon de commande'!C120) | BW14: =IF('Bon de commande'!X120="","",'Bon de commande'!X120)
B15: ='Bon de commande'!C43 -> Amer IPA | H15: ='Bon de commande'!I43 -> 24 x 473 ml | L15: =IF(OR('Bon de commande'!T43="",'Bon de commande'!T43=0),0,'Bon de commande'!T43) -> 0 | Q15: =IF('Bon de commande'!X119=0,"",CONCATENATE('Bon de commande'!X119," ",'Bon de commande'!C119)) | AF15: =IF('Bon de commande'!C102="","",'Bon de commande'!C102) -> Chocolatines | AS15: =IF('Bon de commande'!P102="","",'Bon de commande'!P102) -> unité | AX15: =IF('Bon de commande'!X102="",0,'Bon de commande'!X102) -> 0 | BE15: =IF('Bon de commande'!C121="","",'Bon de commande'!C121) | BW15: =IF('Bon de commande'!X121="","",'Bon de commande'!X121)
B16: ='Bon de commande'!C44 -> Griffintown | H16: ='Bon de commande'!I44 -> 24 x 473 ml | L16: =IF(OR('Bon de commande'!T44="",'Bon de commande'!T44=0),0,'Bon de commande'!T44) -> 0 | Q16: =IF('Bon de commande'!X120=0,"",CONCATENATE('Bon de commande'!X120," ",'Bon de commande'!C120)) | AF16: =IF('Bon de commande'!C103="","",'Bon de commande'!C103) -> Croissant | AS16: =IF('Bon de commande'!P103="","",'Bon de commande'!P103) -> unité | AX16: =IF('Bon de commande'!X103="",0,'Bon de commande'!X103) -> 0
B17: ='Bon de commande'!C45 -> Cidre McKeown | H17: ='Bon de commande'!I45 -> 12 x 473 ml | L17: =IF(OR('Bon de commande'!T45="",'Bon de commande'!T45=0),0,'Bon de commande'!T45) -> 0 | Q17: =IF('Bon de commande'!X121=0,"",CONCATENATE('Bon de commande'!X121," ",'Bon de commande'!C121)) | AF17: =IF('Bon de commande'!C104="","",'Bon de commande'!C104) -> Thermos d'eau chaude | AS17: =IF('Bon de commande'!P104="","",'Bon de commande'!P104) -> unité | AX17: =IF('Bon de commande'!X104="",0,'Bon de commande'!X104) -> 0
B18: ='Bon de commande'!C46 -> Bière sans alcool | H18: ='Bon de commande'!I46 -> 12 x 473 ml | L18: =IF(OR('Bon de commande'!T46="",'Bon de commande'!T46=0),0,'Bon de commande'!T46) -> 0 | AF18: =IF('Bon de commande'!C105="","",'Bon de commande'!C105) | AS18: =IF('Bon de commande'!P105="","",'Bon de commande'!P105) | AX18: =IF('Bon de commande'!X105="",0,'Bon de commande'!X105) -> 0
B19: ='Bon de commande'!C47 -> Gin Tonic prêt à boire | H19: ='Bon de commande'!I47 -> 4 x 355 ml | L19: =IF(OR('Bon de commande'!T47="",'Bon de commande'!T47=0),0,'Bon de commande'!T47) -> 0 | AF19: =IF('Bon de commande'!C106="","",'Bon de commande'!C106) | AS19: =IF('Bon de commande'!P106="","",'Bon de commande'!P106) | AX19: =IF('Bon de commande'!X106="",0,'Bon de commande'!X106) -> 0
B20: ='Bon de commande'!C48 -> Kombucha | H20: ='Bon de commande'!I48 -> unité (341 ml) | L20: =IF(OR('Bon de commande'!T48="",'Bon de commande'!T48=0),0,'Bon de commande'!T48) -> 0 | AF20: =IF('Bon de commande'!C107="","",'Bon de commande'!C107) | AS20: =IF('Bon de commande'!P107="","",'Bon de commande'!P107) | AX20: =IF('Bon de commande'!X107="",0,'Bon de commande'!X107) -> 0 | BE20: Le matériel de la présente entente est prêté à :
B21: ='Bon de commande'!C49 -> 0 | H21: ='Bon de commande'!I49 -> 0 | L21: =IF(OR('Bon de commande'!T49="",'Bon de commande'!T49=0),0,'Bon de commande'!T49) -> 0
B22: Total | L22: =IFERROR((24*L13)+(24*L14)+(24*L15)+(24*L16)+(12*L17)+(12*L18)+(4*L19)+L20+L21,0) -> 0 | N22: unités | Q22: Total | X22: =SUM('Bon de commande'!X117:AA121) -> 0 | AA22: unités | AF22: Total | AV22: =SUM('Bon de commande'!X100:AA107) -> 0 | AY22: unités | BE22: Organisateur(s) : | BJ22: ='Bon de commande'!$N$133
BE23: Événement : | BJ23: ='Bon de commande'!$N$131
B24: Vin | AF24: Location de matériel | BE24: Responsable : | BJ24: ='Bon de commande'!$N$134
B25: Code SAQ | F25: Nom du produit | V25: Format | Y25: Nombre de bouteilles | AF25: Matériel | AS25: Format | AX25: Nombre | BE25: Courriel : | BJ25: ='Bon de commande'!$N$135
B27: =IF('Bon de commande'!C81="","",'Bon de commande'!C81) | F27: =IF('Bon de commande'!G81="","",'Bon de commande'!G81) | V27: =IF('Bon de commande'!W81="","",'Bon de commande'!W81) | X27: ml | Y27: =IF('Bon de commande'!AJ81="",0,'Bon de commande'!AJ81) -> 0 | AF27: =IF('Bon de commande'!C118="","",'Bon de commande'!C118) -> Tasses à café | AS27: =IF('Bon de commande'!P118="","",'Bon de commande'!P118) -> unité | AX27: =IF('Bon de commande'!X118="",0,'Bon de commande'!X118) -> 0 | BE27: En cas de perte, bris ou non retour, l'emprunteur s'engage à rembourser la valeur à neuf dudit matériel.
B28: =IF('Bon de commande'!C82="","",'Bon de commande'!C82) | F28: =IF('Bon de commande'!G82="","",'Bon de commande'!G82) | V28: =IF('Bon de commande'!W82="","",'Bon de commande'!W82) | X28: ml | Y28: =IF('Bon de commande'!AJ82="",0,'Bon de commande'!AJ82) -> 0 | AF28: =IF('Bon de commande'!C119="","",'Bon de commande'!C119) -> Verre à vin en vitre | AS28: =IF('Bon de commande'!P119="","",'Bon de commande'!P119) -> unité | AX28: =IF('Bon de commande'!X119="",0,'Bon de commande'!X119) -> 0
B29: =IF('Bon de commande'!C83="","",'Bon de commande'!C83) | F29: =IF('Bon de commande'!G83="","",'Bon de commande'!G83) | V29: =IF('Bon de commande'!W83="","",'Bon de commande'!W83) | X29: ml | Y29: =IF('Bon de commande'!AJ83="",0,'Bon de commande'!AJ83) -> 0 | AF29: =IF('Bon de commande'!C120="","",'Bon de commande'!C120) | AS29: =IF('Bon de commande'!P120="","",'Bon de commande'!P120) | AX29: =IF('Bon de commande'!X120="",0,'Bon de commande'!X120) -> 0
B30: =IF('Bon de commande'!C84="","",'Bon de commande'!C84) | F30: =IF('Bon de commande'!G84="","",'Bon de commande'!G84) | V30: =IF('Bon de commande'!W84="","",'Bon de commande'!W84) | X30: ml | Y30: =IF('Bon de commande'!AJ84="",0,'Bon de commande'!AJ84) -> 0 | AF30: =IF('Bon de commande'!C121="","",'Bon de commande'!C121) | AS30: =IF('Bon de commande'!P121="","",'Bon de commande'!P121) | AX30: =IF('Bon de commande'!X121="",0,'Bon de commande'!X121) -> 0
B31: =IF('Bon de commande'!C85="","",'Bon de commande'!C85) | F31: =IF('Bon de commande'!G85="","",'Bon de commande'!G85) | V31: =IF('Bon de commande'!W85="","",'Bon de commande'!W85) | X31: ml | Y31: =IF('Bon de commande'!AJ85="",0,'Bon de commande'!AJ85) -> 0 | AF31: =IF('Bon de commande'!C122="","",'Bon de commande'!C122) -> Total | AS31: =IF('Bon de commande'!P122="","",'Bon de commande'!P122) | AX31: =IF('Bon de commande'!X122="",0,'Bon de commande'!X122) -> 0
B32: =IF('Bon de commande'!C86="","",'Bon de commande'!C86) | F32: =IF('Bon de commande'!G86="","",'Bon de commande'!G86) | V32: =IF('Bon de commande'!W86="","",'Bon de commande'!W86) | X32: ml | Y32: =IF('Bon de commande'!AJ86="",0,'Bon de commande'!AJ86) -> 0 | AF32: Total | AV32: =SUM('Bon de commande'!X117:AA121) -> 0 | AY32: unités
B33: =IF('Bon de commande'!C87="","",'Bon de commande'!C87) | F33: =IF('Bon de commande'!G87="","",'Bon de commande'!G87) | V33: =IF('Bon de commande'!W87="","",'Bon de commande'!W87) | X33: ml | Y33: =IF('Bon de commande'!AJ87="",0,'Bon de commande'!AJ87) -> 0
B34: =IF('Bon de commande'!C88="","",'Bon de commande'!C88) | F34: =IF('Bon de commande'!G88="","",'Bon de commande'!G88) | V34: =IF('Bon de commande'!W88="","",'Bon de commande'!W88) | X34: ml | Y34: =IF('Bon de commande'!AJ88="",0,'Bon de commande'!AJ88) -> 0 | BE34: =CONCATENATE("Signé à Rimouski, ",AH3) -> Signé à Rimouski,
B35: =IF('Bon de commande'!C89="","",'Bon de commande'!C89) | F35: =IF('Bon de commande'!G89="","",'Bon de commande'!G89) | V35: =IF('Bon de commande'!W89="","",'Bon de commande'!W89) | X35: ml | Y35: =IF('Bon de commande'!AJ89="",0,'Bon de commande'!AJ89) -> 0
B36: =IF('Bon de commande'!C90="","",'Bon de commande'!C90) | F36: =IF('Bon de commande'!G90="","",'Bon de commande'!G90) | V36: =IF('Bon de commande'!W90="","",'Bon de commande'!W90) | X36: ml | Y36: =IF('Bon de commande'!AJ90="",0,'Bon de commande'!AJ90) -> 0 | BE36: Représentant de l'AGECAR (prêteur)
F37: ='Bon de commande'!C59 -> Borsao Tocado Campo de Borja (rouge) | V37: ='Bon de commande'!P59 -> 750 ml | Y37: ='Bon de commande'!V59 -> 0
F38: ='Bon de commande'!C60 -> Concha Y Toro Frontera Chardonnay (blanc) | V38: ='Bon de commande'!P60 -> 750 ml | Y38: ='Bon de commande'!V60 -> 0
B39: Total | Y39: =IFERROR(SUM(Y27:AB38),0) -> 0 | AA39: unités | BE39: Nom en lettres moulées | BR39: Signature
B41: Note : | D41: Ne pas faire payer, la facture suivra ultérieurement | AC41: Note : | AE41: Ne pas faire payer, la facture suivra ultérieurement
D42: Ne pas oublier le vin blanc au frais s'il y a lieu | BE42: Responsable de l'événement (emprunteur)
BE45: Nom en lettres moulées | BR45: Signature

Sheet Matrice Gestion du temps
A1: Commande SAQ
C3: =IF(AND('Bon de commande'!AN91=0,'Bon de commande'!G81="",'Bon de commande'!G82="",'Bon de commande'!G83="",'Bon de commande'!G784="",'Bon de commande'!G85="",'Bon de commande'!G86="",'Bon de commande'!G87="",'Bon de commande'!G88="",'Bon de commande'!G89="",'Bon de commande'!G90=""),"non","oui") -> non
C4: commande faite | D4: oui | E4: non
B5: commande à faire | D5: 1 | E5: 2
B6: 0 | C6: 1 | D6: ="?" -> ? | E6: ="?" -> ?
B7: non | C7: 2 | D7: ="?" -> ? | E7: ="non" -> non
B8: oui | C8: 3 | D8: ="oui" -> oui | E8: =IF('Bon de commande'!O144=0,"?","non") -> ?
B10: {=INDEX(D6:E8,VLOOKUP('Formulaire unique'!Y74,'Matrice Gestion du temps'!B6:C8,2,FALSE),HLOOKUP('Matrice Gestion du temps'!C3,'Matrice Gestion du temps'!D4:E5,2,FALSE))} -> ?
A12: Commande Baromètre
C14: =IF(AND('Bon de commande'!X50=0,'Bon de commande'!Z61=0),"non","oui") -> non
C15: commande faite | D15: oui | E15: non
B16: commande à faire | D16: 1 | E16: 2
B17: 0 | C17: 1 | D17: ="?" -> ? | E17: ="?" -> ?
B18: non | C18: 2 | D18: ="?" -> ? | E18: ="non" -> non
B19: oui | C19: 3 | D19: ="oui" -> oui | E19: =IF('Bon de commande'!O144=0,"?","non") -> ?
B21: {=INDEX(D17:E19,VLOOKUP('Formulaire unique'!Y74,'Matrice Gestion du temps'!B17:C19,2,FALSE),HLOOKUP('Matrice Gestion du temps'!C14,'Matrice Gestion du temps'!D15:E16,2,FALSE))} -> ?
A23: Commande Auriculaire
C25: =IF(AND('Bon de commande'!C105="",'Bon de commande'!C106="",'Bon de commande'!C107=""),"non","oui") -> non
C26: commande faite | D26: oui | E26: non
B27: commande à faire | D27: 1 | E27: 2
B28: 0 | C28: 1 | D28: ="?" -> ? | E28: ="?" -> ?
B29: non | C29: 2 | D29: ="?" -> ? | E29: ="non" -> non
B30: oui | C30: 3 | D30: ="oui" -> oui | E30: =IF('Bon de commande'!O144=0,"?","non") -> ?
B32: {=INDEX(D28:E30,VLOOKUP('Formulaire unique'!Y74,'Matrice Gestion du temps'!B28:C30,2,FALSE),HLOOKUP('Matrice Gestion du temps'!C25,'Matrice Gestion du temps'!D26:E27,2,FALSE))} -> ?
A34: Location Matériel
C36: =IF(AND('Bon de commande'!AB122=0,'Bon de commande'!C120="",'Bon de commande'!C121=""),"non","oui") -> non
C37: commande faite | D37: oui | E37: non
B38: commande à faire | D38: 1 | E38: 2
B39: 0 | C39: 1 | D39: ="?" -> ? | E39: ="?" -> ?
B40: non | C40: 2 | D40: ="?" -> ? | E40: ="non" -> non
B41: oui | C41: 3 | D41: ="oui" -> oui | E41: ="non" -> non
B43: {=INDEX(D39:E41,VLOOKUP('Formulaire unique'!Y74,'Matrice Gestion du temps'!B39:C41,2,FALSE),HLOOKUP('Matrice Gestion du temps'!C36,'Matrice Gestion du temps'!D37:E38,2,FALSE))} -> ?
A45: Détails - Commande
C47: =IF(AND('Bon de commande'!L31="",'Bon de commande'!X50=0,'Bon de commande'!Z61=0,'Bon de commande'!AN91=0,'Bon de commande'!G81="",'Bon de commande'!G82="",'Bon de commande'!G83="",'Bon de commande'!G84="",'Bon de commande'!G85,"",'Bon de commande'!G86="",'Bon de commande'!G87="",'Bon de commande'!G88="",'Bon de commande'!G89="",'Bon de commande'!G90="",'Bon de commande'!AB108=0,'Bon de commande'!C105="",'Bon de commande'!C106="",'Bon de commande'!C107="",'Bon de commande'!AB122=0,'Bon de commande'!C120="",'Bon de commande'!C121="",'Bon de commande'!O144=0),"non","oui") -> non
C48: commande faite | D48: oui | E48: non
B49: commande à faire | D49: 1 | E49: 2
B50: 0 | C50: 1 | D50: ="Demander au client" -> Demander au client | E50: =IF('Formulaire unique'!AA63="oui","non","?") -> ?
B51: non | C51: 2 | D51: ="Demander au client" -> Demander au client | E51: ="non" -> non
B52: oui | C52: 3 | D52: ="oui" -> oui | E52: ="À VENIR" -> À VENIR
B54: {=INDEX(D50:E52,VLOOKUP('Formulaire unique'!Y74,'Matrice Gestion du temps'!B50:C52,2,FALSE),HLOOKUP('Matrice Gestion du temps'!C47,'Matrice Gestion du temps'!D48:E49,2,FALSE))} -> ?
A56: Note
A57: Vérifier la concordance entre "passer une commande d'alcool et/ou traiteur" de la section 2 du formulaire unique et le bon de commande
A59: AVIS de réception
C61: =IF(OR(C14="oui",C3="oui"),"oui","non") -> non | G61: Auriculaire ou Baromètre | M61: Autre local
C62: Commande faite | D62: oui | E62: non | H62: Commande | I62: ? | J62: oui | K62: non | N62: Local | O62: 0 | P62: ='Menus déroulant'!F6 -> Autre
B63: Commande à faire | D63: 1 | E63: 2 | G63: en dehors des heures | I63: 1 | J63: 2 | K63: 3 | M63: Commande | O63: 1 | P63: 2
B64: 0 | C64: 1 | D64: ? | E64: ? | G64: 0 | H64: 1 | I64: ? | J64: ? | K64: ? | M64: ? | N64: 1 | O64: ? | P64: ?
B65: oui | C65: 2 | D65: oui | E65: =IF(C25="oui","non","?") -> ? | G65: non | H65: 2 | I65: non | J65: non | K65: non | M65: oui | N65: 2 | O65: oui | P65: oui
B66: non | C66: 3 | D66: ? | E66: non | G66: oui | H66: 3 | I66: ? | J66: oui | K66: non | M66: non | N66: 3 | O66: non | P66: non
G67: en partie | H67: 4 | I67: ? | J67: oui | K67: non
B68: {=INDEX(D64:E66,VLOOKUP('Formulaire unique'!Y74,'Matrice Gestion du temps'!B64:C66,2,FALSE),HLOOKUP('Matrice Gestion du temps'!C61,'Matrice Gestion du temps'!D62:E63,2,FALSE))} -> ? | G68: {=INDEX(I64:K67,VLOOKUP('Formulaire unique'!AF111,'Matrice Gestion du temps'!G64:H67,2,FALSE),HLOOKUP(B68,I62:K63,2,FALSE))} -> ? | M68: {=INDEX(O64:P66,VLOOKUP(B68,M64:N66,2,FALSE),HLOOKUP('Formulaire unique'!W89,'Matrice Gestion du temps'!O62:P63,2,FALSE))} -> ?
A70: Jeudi de financement
C72: =IF('Jeudi de financement - Asso'!AL200="oui","oui","non") -> non
C73: Formulaire rempli | D73: non | E73: oui
B74: Jeudi de financement | D74: 1 | E74: 2
B75: 0 | C75: 1 | D75: ="" | E75: =A82 -> Jeudi de financement - Formulaire incomplet
B76: non | C76: 2 | D76: ="" | E76: =A83 -> Jeudi de financement rempli - Tentative de demande via un document non vierge
B77: oui | C77: 3 | D77: =A81 -> Jeudi de financement - Formulaire incomplet | E77: =A84 -> Jeudi de financement
B78: {=INDEX(D75:E77,VLOOKUP('Formulaire unique'!AA63,'Matrice Gestion du temps'!B75:C77,2,FALSE),HLOOKUP('Matrice Gestion du temps'!C72,'Matrice Gestion du temps'!D73:E74,2,FALSE))}
A80: Notes
A81: ="Jeudi de financement - Formulaire incomplet" -> Jeudi de financement - Formulaire incomplet
A82: ="Jeudi de financement - Formulaire incomplet" -> Jeudi de financement - Formulaire incomplet
A83: ="Jeudi de financement rempli - Tentative de demande via un document non vierge" -> Jeudi de financement rempli - Tentative de demande via un document non vierge
A84: ="Jeudi de financement" -> Jeudi de financement

Sheet Formulaire unique
C11: Formulaire unique de réservation de locaux, commande d'alcool
C12: et commande traiteur
C13: Dernière mise à jour : 2025-10-28
C15: Note : ce formulaire ne concerne pas le local de réunions E-412. Pour le réserver, veuillez vous présenter en personne aux bureaux de l'AGECAR ou envoyer un courriel à : agecar@uqar.ca
C17: Note : ce formulaire concerne uniquement le Café l'Auriculaire ainsi que le Bar le Baromètre. Pour la réservation de tout autre local, veuillez vous rendre sur le moodle de l'UQAR en cliquant sur ce lien :
C18: https://portail.uqar.ca/mod/glossary/view.php?id=385261&mode=cat&hook=266
C20: Marche à suivre
D21: Chaque nouvelle demande doit être faite à partir d'un formulaire vierge - NE PAS essayer de sauver du temps avec une ancienne demande que vous auriez déjà faite dans le passé
C22: 1 | E22: Veuillez remplir le formulaire en cliquant sur TOUTES les cases bleues EN SUIVANT LES ÉTAPES DANS L'ORDRE. Certaines cases comportent un choix prédéfini à faire; vous devez alors cliquer sur le symbole qui apparaîtra à droite de la case, faites votre choix parmi la liste proposée. D'autres cases devront être remplies par du texte (au meilleur de votre connaissance). IMPORTANT : Ne laissez aucune case vide.
C23: 2 | E23: Lire les informations complémentaires tout au long du processus
C24: 3 | E24: Enregistrez le formulaire et faites-le parvenir à TOUTES les adresses courriel indiquées à la fin du formulaire (les adresses vont varier selon vos besoins)
C26: Si vous avez besoin d'aide n'hésitez pas à nous appeler au (418) 724-1523
B28: Ce formulaire fonctionne uniquement avec Microsoft Excel; il est INCOMPATIBLE avec Google Sheet
D30: =IF('Gestion du temps'!A3="Formulaire EXPIRÉ ou NON VALIDE",Notes!B5,"") | AJ30: =IF('Gestion du temps'!A3="Formulaire EXPIRÉ ou NON VALIDE",Notes!B6,"")
C31: Section 1 - Renseignements généraux
AS32: 1 | AT32: (dimanche)
D33: Nom de l'événement : | AS33: 2 | AT33: (lundi)
AS34: 3 | AT34: (mardi)
D35: Organisé par (nom de l'Association, groupe ou individu) : | AS35: 4 | AT35: (mercredi)
AS36: 5 | AT36: (jeudi)
D37: Date de l'événement : | R37: =IF(O37="","",O37) | T37: {=_xlfn.IFS(AND(M37<10,M37>0),CONCATENATE("0",M37),M37>=10,M37,M37="","")} | U37: {=_xlfn.IFS(AND(K37<10,K37>0),CONCATENATE("0",K37),K37>=10,K37,K37="","")} | V37: ='Gestion du temps'!F5 | AB37: =IF('Gestion du temps'!L5="OK","Veuillez SVP vérifier l'exactitude de cette date",'Gestion du temps'!L5) -> #VALUE! | AR37: =WEEKDAY(V37,1) -> #VALUE! | AS37: 6 | AT37: (vendredi)
K38: jour | M38: Mois | O38: année | W38: =VLOOKUP(AR37,AS32:AT38,2,FALSE) -> #VALUE! | AS38: 7 | AT38: (samedi)
D40: Heure de début : | M40: Heure de fin :
D42: Nombre de personnes attendues à l'événement :
D44: Prénom et nom de la personne responsable de l'événement :
D46: Adresse courriel :
D48: Est-ce qu'il y a une autre personne responsable de cet événement ? (répondez par oui ou non)
D50: =IF(AD48="oui","Prénom et nom de cette personne :","")
D52: =IF(AD48="oui","Adresse courriel :","")
D54: Brève description de votre événement et/ou de la thématique de la soirée :
D62: Est-ce que votre événement est un Party d'Association étudiante du type "mardi ou jeudi de financement"
D63: accordé lors d'une réunion du CA ? (répondez par oui ou non)
D65: ='Matrices Formulaires'!B13 -> Veuillez s'il vous plaît remplir toutes les cases bleues pour avoir accès aux autres sections qui vous concernent
D66: ='Matrices Formulaires'!AK13 | Z66: ='Matrices Formulaires'!AK26
B68: Section | E68: incomplète
D69: =IF('Gestion du temps'!A3="Formulaire EXPIRÉ ou NON VALIDE",Notes!B5,"") | AJ69: =IF('Gestion du temps'!A3="Formulaire EXPIRÉ ou NON VALIDE",Notes!B6,"")
C70: Section 2 - Que désirez-vous ? | O70: Vous n'avez pas à remplir cette section
D72: Faire une réservation de locaux ? (répondez par oui ou non) :
D74: Passer une commande d'alcool et/ou traiteur ? (répondez par oui ou non) :
D76: =IF(Y74="oui","Veuillez indiquer à l'ordre de qui devrons nous faire la facture :","")
D77: (Si vous ne le savez pas encore, inscrivez "à venir")
D79: Parmi les options suivantes, veuillez choisir ce qui correspond à la personne ou groupe de personnes à qui nous devrons facturer
D82: ='Matrices Formulaires'!AK50 -> Veuillez s'il vous plaît remplir toutes les cases bleues pour avoir accès aux autres sections qui vous concernent
D83: ='Matrices Formulaires'!AK62 | AB83: ='Matrices Formulaires'!AK74
B84: Section | E84: incomplète
D86: =IF('Gestion du temps'!A3="Formulaire EXPIRÉ ou NON VALIDE",Notes!B5,"") | AJ86: =IF('Gestion du temps'!A3="Formulaire EXPIRÉ ou NON VALIDE",Notes!B6,"")
C87: Section 3 - Réservation de locaux | P87: Vous n'avez pas à remplir cette section
D89: De quel local s'agit-il ? (veuillez faire votre choix parmi les suivants) :
D91: =IF(W89="autre",Notes!B16,"")
D93: https://portail.uqar.ca/mod/glossary/view.php?id=385261&mode=cat&hook=266
D95: Vous pouvez passer votre commande d'alcool et/ou traiteur | X95: EN CLIQUANT ICI
D96: {=IF(OR(W89='Menus déroulant'!F4,'Formulaire unique'!W89:AB89='Menus déroulant'!F5),Notes!B18,"")}
G98: Café l'Auriculaire | AA98: Bar le Baromètre
G99: Capacité maximale légale : 48 personnes | AA99: Capacité maximale légale : 174 personnes
G101: Heures d'affaires | AA101: Heures d'affaires
G103: Lundi | K103: de 8h00 à 16h00 | AA103: Lundi | AE103: de 16h00 à minuit
G104: Mardi | K104: de 8h00 à 16h00 | AA104: Mardi | AE104: de 16h00 à minuit
G105: Mercredi | K105: de 8h00 à 16h00 | AA105: Mercredi | AE105: de 16h00 à minuit
G106: Jeudi | K106: de 8h00 à 16h00 | AA106: Jeudi | AE106: de 16h00 à 2h00
G107: Vendredi | K107: de 8h00 à 16h00 | AA107: Vendredi | AE107: de 16h00 à minuit
G108: Samedi | K108: Fermé | AA108: Samedi | AE108: Fermé
G109: Dimanche | K109: Fermé | AA109: Dimanche | AE109: Fermé
D111: {=IF(OR(W89='Menus déroulant'!F4,'Formulaire unique'!W89:AB89='Menus déroulant'!F5),Notes!B19,"")} | N111: {=IF(OR(W89='Menus déroulant'!F4,'Formulaire unique'!W89:AB89='Menus déroulant'!F5),Notes!B20,"")} | R111: {=IF(OR(W89='Menus déroulant'!F4,'Formulaire unique'!W89:AB89='Menus déroulant'!F5),Notes!B21,"")}
D114: =Notes!B27 -> Note : vous devez savoir que nous ne pouvons pas bloquer l'accès aux autres usagés (le local ne peut pas vous être exclusif). En le réservant, vous vous assurez qu'un autre événement n'entrera pas en conflit avec le vôtre. Vous pouvez vous réserver quelques tables en y mettant une affichette "RÉSERVÉ". Vous pouvez également mettre une affiche à l'extérieur pour annoncer votre événement EN Y INDIQUANT CLAIREMENT : "Ouvert à tous" ou "Bienvenue à tous".
D119: ='Matrices Formulaires'!AK90 -> Veuillez s'il vous plaît remplir toutes les cases bleues pour avoir accès aux autres sections qui vous concernent
D121: ='Matrices Formulaires'!AK102 | T121: ='Matrices Formulaires'!AK114
B122: Section | E122: incomplète
C125: Section 4 - Demandes complémentaires | R125: Vous n'avez pas à remplir cette section
D127: Vous avez droit à un 4 à 7 ou un 5 à 8 de financement au Baromètre par association, par session
D128: Est-ce que vous voulez que cet événement serve de financement à votre association ? (répondez par oui ou non) | AJ128: N/A
D129: =IF(AJ128="oui",Notes!B28,"")
D132: Veuillez choisir la formule de financement que vous désirez
D134: Est-ce que vous prévoyez servir de la nourriture ? (répondez par oui ou non)
D135: =IF(AA134="oui",Notes!B29,"")
D139: Veuillez décrire la nourriture offerte et la provenance
D142: Est-ce que vous voulez publiciser votre événement sur :
D144: Le téléviseur de l'UQAR (répondez par oui ou non)
D146: L'Info-Lettre (répondez par oui ou non)
D148: La page Facebook de l'AGECAR (répondez par oui ou non)
D151: Est-ce que vous avez des besoins audio-visuel (projecteur, micro, etc.) ? (répondez par oui ou non)
D154: ='Matrices Formulaires'!AK128 -> Veuillez s'il vous plaît remplir toutes les cases bleues pour avoir accès aux autres sections qui vous concernent
D155: =IF(AG151="non",Notes!B32,"")
B156: Section | E156: incomplète
C159: Section 5 - Besoins audio-visuel | P159: Vous n'avez pas à remplir cette section
D161: Veuillez inscrire "oui" ou "non" à chacun de vos besoins audio-visuel parmi la liste suivante :
D163: Projecteur
D164: =IF(H163="oui",Notes!B33,"")
D166: Micros | K166: Combien de micros ? (2 micros disponibles au bar)
D167: =IF(G166="oui",Notes!B34,"")
D168: =IF(Y166>3,Notes!B35,"")
D170: Câblage nécessaire pour un chansonnier
D173: Câblage nécessaire pour un groupe de musique
D174: =IF(Q173="oui",Notes!B36,"")
D176: Avez-vous besoin d'un soutien technique ? (répondez par oui ou non)
D177: =IF(Y176="oui",Notes!B37,"")
D180: Est-ce que vous prenez en charge la musique ? (répondez par oui ou non)
D181: =IF(Z180="oui",Notes!B39,"")
D183: =IF(AG151="non",Notes!B41,'Matrices Formulaires'!AK143) -> Veuillez s'il vous plaît remplir toutes les cases bleues pour avoir accès aux autres sections qui vous concernent
B185: Section | E185: incomplète
C188: Section 6 - Autres demandes particulières (facultatif)
...

Sheet Jeudi de financement - Asso
B2: {=_xlfn.IFS(AND('Formulaire unique'!AA63="oui",'Matrices Formulaires'!AM4="complet"),"",AND('Formulaire unique'!AA63="oui",'Matrices Formulaires'!AM4=""),Notes!B58,'Formulaire unique'!AA63="non",Notes!B57,'Formulaire unique'!AA63="",Notes!B58)} -> Veuillez tout d'abord compléter la Section 1 - Renseignements généraux
Q4: Jeudi de financement - Asso étudiante
Q5: (Suite du formulaire)
B8: Vous pouvez en tout temps retourner à la Section 1 - Renseignements généraux | AJ8: EN CLIQUANT ICI
C10: Section 2 - Demandes complémentaires | R10: Vous n'avez pas à remplir cette section
D12: Est-ce que vous prévoyez servir de la nourriture ? (répondez par oui ou non)
D13: =IF(AA12="oui",Notes!B59,"")
D17: Veuillez décrire la nourriture offerte et la provenance
D20: Est-ce que vous voulez publiciser votre événement sur :
D22: Les babillards de l'Université (répondez par oui ou non)
D24: Le téléviseur de l'UQAR (répondez par oui ou non)
D26: L'Info-Lettre (répondez par oui ou non)
D28: La page Facebook de l'AGECAR (répondez par oui ou non)
D31: Est-ce que vous avez des besoins audio-visuel (projecteur, micro, etc.) ? (répondez par oui ou non)
D33: ='Matrices Formulaires'!AL191 -> Veuillez s'il vous plaît remplir toutes les cases bleues pour avoir accès aux autres sections qui vous concernent
B35: Section incomplète
C38: Section 3 - Besoins audio-visuel | P38: Vous n'avez pas à remplir cette section
D40: Veuillez inscrire "oui" ou "non" à chacun des besoins audio-visuel parmi la liste suivante :
D42: Projecteur
D43: =IF(H42="oui",Notes!B63,"")
D45: Micros | K45: Combien de micros ? (2 micros disponibles au bar)
D46: =IF(G45="oui",Notes!B64,"")
D47: =IF(Y45>3,Notes!B65,"")
D49: Câblage nécessaire pour un chansonnier
D52: Câblage nécessaire pour un groupe de musique
D53: =IF(Q52="oui",Notes!B66,"")
D55: Avez-vous besoin d'un soutien technique ? (répondez par oui ou non)
D56: =IF(Y55="oui",Notes!B67,"")
D59: Est-ce que vous prenez en charge la musique ? (répondez par oui ou non)
D60: =IF(Z59="oui",Notes!B69,"")
D62: =IF(AG31="non",Notes!B62,'Matrices Formulaires'!AL204) -> Veuillez s'il vous plaît remplir toutes les cases bleues pour avoir accès aux autres sections qui vous concernent
B64: Section incomplète
C67: Section 4 - Autres besoins particuliers (facultatif)
D70: Avez-vous d'autres besoins qui ne vous ont pas été suggérés dans ce formulaire ? (répondez par oui ou non)
D72: Veuillez spécifier
D78: =Notes!B72 -> Allez à la section 5
C82: Section 5 - Second bar
D85: L’association peut tenir un deuxième bar. À ce bar, peuvent être vendus : alcools forts, cocktails et mocktails seulement. 100 % des bénéfices seront remis à l’association. Le prix minimum pour chaque consommation est de 2$. En vertu du permis d’alcool octroyé au bar le Baromètre, nous demandons le retour de toutes les bouteilles pleines, entamées ou vides à la fin de la soirée. Une pénalité de 50$ sera déduite du montant versé, pour chaque bouteille non retournée. C’est la responsabilité de l’association de minimiser le nombre de bouteilles ouvertes, afin de maximiser les profits (voir calcul des bénéfices). L’association peut opérer le second bar de 19h30 à 23h30 le mardi et de 21h30 à 1h30 le jeudi.
D94: Est-ce que vous désirez tenir un second bar ? (répondez par oui ou non)
D96: Veuillez fournir les renseignements des personnes qui seront responsables de ce second bar (caisse)
D97: IMPORTANT : Ces personnes doivent rester sobres tout au long de la soirée
J99: Code permanent | W99: Prénom et nom
D105: ='Matrices Formulaires'!AL216 -> Veuillez s'il vous plaît répondre à la question de la présente section pour avoir accès aux autres sections qui vous concernent
B107: Section incomplète
C110: Section 6 - Publication de l'événement | R110: Vous n'avez pas à lire cette section
D113: IMPORTANT : Veuillez mentionner sur chacune de vos publicités : "Nous rappelons que l'AGECAR n'encourage pas la consommation excessive d'alcool. Il est aussi interdit de fumer en dehors de zones autorisées et prévues à cet effet."
D116: Affiches publicitaires
D117: Vous avez droit à 10 affiches 11" X 17" impression couleurs, dont 5 seront installées aux endroits stratégiques dans l’université. Vous devez faire parvenir le document en jpeg ou pdf au moins 10 jours avant votre soirée à :
D119: agecar@uqar.ca
D121: Téléviseur de l'UQAR
D122: Vous pouvez envoyer un Powerpoint en format 16 : 9 ou une image en jpg de format 1920 X 1080 pixels à l’adresse
D123: communautaire@uqar.ca
D125: Info-Lettre
D126: Vous pouvez envoyer un texte d’un maximum de 300 mots en format doc avec le lien Facebook de votre événement et/ou joindre une affiche en jpg ou en pdf. Le format de l’affiche peut être tabloïd 11" X 17" ou lettre 8 1/2" X 11". Envoyez le tout à :
D128: vp.communication.agecar@gmail.com
D130: Page Facebook de l'AGECAR
D131: Pour diffuser l’information sur la page Facebook de l’AGECAR et du Baromètre, vous pouvez envoyer le lien de votre événement Facebook à :
... D134: Allez à la section 7
C138: Section 7 - Acceptation des termes du contrat
C141: IMPORTANT
C142: vous devez lire et accepter les termes suivants afin de poursuivre vos démarches de demande de financement
D144: L’AGECAR se réserve le droit, si les consignes ne sont pas respectées de mettre fin aux activités de la soirée, et cela par l’entremise d’un exécutant, d’un employé du bar ou d’un médi-témoin.
D147: L’AGECAR se réserve le droit d’annuler la soirée de financement avant la tenue de ladite soirée ou encore d’annuler le versement du financement, si elle considère que le comité organisateur n’a pas respecté les présentes consignes.
D150: Le comité peut opérer le second bar de 19h30 à 23h30 le mardi et de 21h30 à 1h30 le jeudi.
D152: Les personnes responsables du bar doivent rester sobres tout au long de la soirée.
D154: Vous pouvez y vendre seulement des shooters, cocktails et mocktails. Le prix minimum pour chaque consommation est de 2$.
D156: Toutes les consommations servies au bar d’association doivent être vendues et entrées dans le point de vente, y compris celles offertes aux musicien.e.s ou aux animateur.trice.s.
D159: En vertu du permis d’alcool octroyé au bar le Baromètre, nous demandons le retour de toutes les bouteilles pleines, entamées ou vides à la fin de la soirée.
D162: L’AGECAR fournit un fond de caisse de 500 $. Vous devrez faire la fermeture de votre caisse avec l'assistance de la/du barmaid/barman à la fin de la soirée.
D165: Vous êtes dans l’obligation d’assurer un service de vestiaire, en échange de contributions volontaires, de 21h00 à la fermeture. Les personnes responsables doivent rester sobres tout au long de la soirée.
D168: Il est de votre responsabilité de nettoyer votre espace avant de quitter (Décorations, affiches, shooter sur les tables etc.)
D170: Calcul des bénéfices
E172: Bar d'association
E173: L'association récolte 100% des bénéfices du second bar (revenus moins les dépenses)
E175: Revenus = ventes au second bar
E177: Dépenses = bouteilles d'alcool achetées moins les bouteilles retournées
E178: (Les bouteilles retournées sont comptées par tranche de 25%; soit 1/4, demi, 3/4 ou pleine.
E180: Note : vous gardez la totalité de vos pourboires
E182: Bar principal
E183: Le calcul du bénéfice est en lien avec le chiffre des ventes du bar principal (Baromètre) de 19h30 (les mardis) ou de 21h30 (les jeudis) jusqu’à la fermeture.
G186: Palier | O186: Calcul du montant accordé | Z186: Bénéfice potentiel
G187: # 1 | I187: de 0$ à 750$ | O187: 0.05 | Z187: jusqu’à 37,50$
G188: # 2 | I188: de 750$ à 1500$ | O188: 37,50$ + 10% sur les 750$ suivant | Z188: jusqu’à 112,50$
G189: # 3 | I189: de 1501$ à 2250$ | O189: 112,50$ + 15% sur les 750$ suivant | Z189: jusqu’à 225,00$
G190: # 4 | I190: 2250$ et plus | O190: 225,00$ + 20% sur le reste
G192: Exemple 1 : 2 758,00$ de ventes | X192: Exemple 2 : 895,00$ de ventes
G193: Calcul palier # 4 | X193: Calcul palier # 2
G194: 2758,00$ - 2250,00$ = 508,00$ | X194: 895,00$ - 750,00$ = 145,00$
G195: 225,00$ + (20 % X 508,00$) | X195: 37,50$ + (10 % X 145,00$)
G196: Bénéfice = 326,60$ | X196: Bénéfice = 52,00$
C198: J'ai lu et j'accepte au nom de mon association les termes du présent contrat avec l'AGECAR. Je ferai également part de ces termes aux autres organisateur.trice.s de l'événement (répondez par oui pour que votre demande soit évaluée)
D203: cliquez ici | H203: =IF(AL200="oui",Notes!B77,CONCATENATE(Notes!B77,Notes!B79)) -> Pour passer votre commande d'alcool veuillez tout d'abord accepter les termes du présent contrat
D204: =IF(AL200="oui",Notes!B78,"")
D205: =Notes!B80 -> Nous ne pouvons traiter votre demande puisque vous n'acceptez pas les termes du présent contrat
B206: Section incomplète
C208: Une fois votre demande complétée, veuillez la faire parvenir à : agecar@uqar.ca et agecar.instances@gmail.com

Sheet Services Communauté Étudiante
B2: Rappel : Ce formulaire concerne uniquement la réservation du Baromètre ou de l'Auriculaire EN DEHORS de nos heures d'ouverture. Pour tout autre local, veuillez communiquer avec les Services aux Étudiants à : communautaire@uqar.ca
B4: =IF(OR('Matrices Formulaires'!B13=Notes!B7,'Matrices Formulaires'!AK50=Notes!B11,'Matrices Formulaires'!AK90=Notes!B22),"Vous devez avoir rempli au moins la Section 1, 2 et 3 avant tout","") -> Vous devez avoir rempli au moins la Section 1, 2 et 3 avant tout
D6: Vous pouvez en tout temps retourner à la Section 1 - Renseignements généraux | AM6: EN CLIQUANT ICI
C8: Veuillez simplement mettre un "X" dans la ou les case(s) appropriée(s) lorsqu'il y a un choix à faire
B10: =IF('Formulaire unique'!AF111="non","Ce formulaire ne vous concerne pas","Services à la Communauté Étudiante - Formulaire de réservation d'espace et besoins audiovisuels") -> Services à la Communauté Étudiante - Formulaire de réservation d'espace et besoins audiovisuels
C12: Réservation d'espace | Z12: Particularités / Besoin audiovisuel
C14: Demandeur | Z14: Alcool et alimentation
C16: Nom du regroupement : | J16: =IF('Formulaire unique'!T35="","",'Formulaire unique'!T35) | Z16: Service et/ou consommation d'alcool
C18: Nom et prénom du demandeur : | L18: =IF('Formulaire unique'!U44="","",'Formulaire unique'!U44) | Z18: Fournisseur | AD18: =IF('Formulaire unique'!Y74="oui","X","") | AE18: AGECAR | AI18: Cafétéria COOPSCO
C20: Code permanent : | Z20: Service et/ou consommation de nourriture
C22: Numéro de téléphone : | Z22: Fournisseur | AE22: Cafétéria COOPSCO | AL22: Autre
AK23: *Pré-autorisation obligatoire
C24: Adresse courriel : | H24: =IF('Formulaire unique'!I46="","",'Formulaire unique'!I46) | Z24: Besoins techniques
C26: Activité | AA26: Canon de projection | AH26: Ordinateur | AM26: Ordinateur et canon (kit)
C28: Date : | E28: ='Formulaire unique'!V37 | AA28: Internet | AH28: TV / DVD | AM28: Autre
C30: Horaire : | F30: de | G30: =IF('Formulaire unique'!I40="","",'Formulaire unique'!I40) | J30: (début) | M30: à | N30: =IF('Formulaire unique'!Q40="","",'Formulaire unique'!Q40) | Q30: (fin)
C32: Nombre de personne attendues : | L32: ='Formulaire unique'!R42 -> 0 | Z32: Type de présentation
C34: Activité | AA34: Powerpoint | AG34: Audio / musicale | AO34: Vidéo
D36: Activité sociale | J36: Conférence / colloque | R36: Financement
D38: Groupe musical | J38: Réunion | N38: Autre | Z38: Micros (quantité : | AG38: )
C40: Type d'espace (*Salle à manger : vous adresser directment à la cafétéria) | AA40: Lutrin / microphone | AH40: scène | AL40: Allée (salle) F-210
D42: Amphithéâtre (F-210) | J42: =IF('Formulaire unique'!W89='Menus déroulant'!F4,"X","") | K42: Auriculaire (E-030) | P42: =IF('Formulaire unique'!W89='Menus déroulant'!F5,"X","") | Q42: Baromètre (E-120) | Z42: Éclairage | AF42: Ambiant | AK42: Spots
D44: Kiosque (Atrium) | K44: Local de classe | P44: Suggestion : | Z44: Enregistrement | AF44: Audio | AK44: Vidéo
Z46: Est-ce que vous souhaitez qu'un technicien demeure sur place pour la durée de l'activité ?
C47: Description de l'Activité
C48: =IF('Formulaire unique'!O54="","",'Formulaire unique'!O54) | AH48: oui | AL48: non
Z50: *Des frais pourraient être exigés pour les services d'un technicien
C53: Informations importantes | Z53: Approbation des Services à la communauté étudiante
D54: Le formulaire doit être retourné à : communautaire@uqar.ca
D55: Un délai de 48 heures est exigé pour une location d'espace
D56: Un délai de 10 jours est exigé pour tous les autres types d'activités | Z56: Signature : | AO56: Date :
B59: Pour passer une commande d'alcool et/ou traiteur | AA59: cliquez ici
B61: Pour nous faire parvenir votre formulaire | AA61: cliquez ici
A100: Date | C100: =E28
A102: Début | C102: =G30
A104: Fin | C104: =N30
A106: Responsable | C106: =CONCATENATE(L18," ",H20)
A108: But | C108: =C48
A117: Nb Personnes | C117: =L32 -> 0

Sheet Instructions Finales
B1: Votre formulaire est EXPIRÉ ou NON VALIDE pour l'une des raisons suivantes :
B3: Vous avez tenté de faire votre demande à partir d'un formulaire qui avait déjà servi à une autre demande
B4: La date de l'événement que vous avez entré est déjà passée
B5: Veuillez SVP faire votre demande à partir d'un document vierge et assurez-vous d'entrer une date valide (postérieur à aujourd'hui)
B6: Vous trouverez un formulaire vierge sur le MOODLE : | F6: https://portail.uqar.ca/mod/glossary/view.php?id=385261&mode=cat&hook=266
B8: Vous devez sauvegarder votre document dès maintenant et le faire parvenir par courriel à TOUTES LES ADRESSES suivantes :
B10: =IF('Matrices Formulaires'!A221="oui","agecar@uqar.ca; agecar.instances@gmail.com; communautaire@uqar.ca","agecar@uqar.ca; agecar.instances@gmail.com") -> agecar@uqar.ca; agecar.instances@gmail.com
B12: N'oubliez pas de communiquer avec les Services Aux Étudiants pour réserver votre local communautaire@uqar.ca
B14: Navigation rapide dans le formulaire
B16: Cliquez ici | C16: Pour aller à la Section 1 - renseignements généraux
A18: =IF(OR('Formulaire unique'!Y74="non",'Formulaire unique'!Y74="",'Formulaire unique'!AA63="oui"),"non","oui") -> non | B18: Cliquez ici | C18: Pour aller au bon de commande d'alcool et/ou traiteur
A20: =IF(OR('Formulaire unique'!T72="",'Formulaire unique'!T72="non",'Formulaire unique'!W89="Autre",'Formulaire unique'!AF111="non"),"non","oui") -> non | B20: Cliquez ici | C20: Pour aller au formulaire des Services Aux Étudiants

Sheet Notes
A3: Notes
A4: Formulaire unique
B5: Ce formulaire est expiré. Pour avoir plus d'informations à ce sujet, veuillez
B6: Cliquer ici
A7: Section 1 | B7: Veuillez s'il vous plaît remplir toutes les cases bleues pour avoir accès aux autres sections qui vous concernent
B8: Allez à la section 2
B9: Passez directement au formulaire : Jeudi de financement - Asso
B10: EN CLIQUANT ICI
A11: Section 2 | B11: Veuillez s'il vous plaît remplir toutes les cases bleues pour avoir accès aux autres sections qui vous concernent
B12: Oupsss! Ce formulaire concerne la réservation de local et/ou commande de produits. Veuillez répondre "oui" à au moins une question
B13: Allez à la section 3
B14: Vous pouvez maintenant passer votre commande d'alcool et/ou traiteur
B15: EN CLIQUANT ICI
A16: Section 3 | B16: Note : nous vous rappelons que ce formulaire concerne uniquement le Café l'Auriculaire ainsi que le Bar le Baromètre. Pour la réservation de tout autre local, veuillez vous rendre sur le moodle de l'UQAR en cliquant sur ce lien :
B17: Pour passer une commande d'alcool, veuillez retourner à la section 2, dites "non" à la réservation de local et suivez les instructions
B18: IMPORTANT : Les normes de sécurité des bâtiments imposent un nombre maximal de personnes propre à chaque local.
B19: Est-ce que votre réservation se situe
B20: EN DEHORS
B21: des heures d'affaires ? (choisir parmi les options)
B22: Veuillez s'il vous plaît remplir toutes les cases bleues pour avoir accès aux autres sections qui vous concernent
B23: Allez à la section 4
B24: Ce sont les Services à la Communauté Étudiante (SCÉ) qui gère la réservation de locaux en dehors de nos heures d'affaires
B25: Passer au formulaire : SCÉ
B26: EN CLIQUANT ICI
B27: Note : vous devez savoir que nous ne pouvons pas bloquer l'accès aux autres usagés (le local ne peut pas vous être exclusif). En le réservant, vous vous assurez qu'un autre événement n'entrera pas en conflit avec le vôtre. Vous pouvez vous réserver quelques tables en y mettant une affichette "RÉSERVÉ". Vous pouvez également mettre une affiche à l'extérieur pour annoncer votre événement EN Y INDIQUANT CLAIREMENT : "Ouvert à tous" ou "Bienvenue à tous".
A28: Section 4 | B28: Le montant du financement pour votre association sera de 15% des ventes du bar dans la plage horaire que vous aurez sélectionné; soit de 16h00 à 19h00 (4 à 7) ou de 17h00 à 20h00 (5 à 8).
B29: Note : Afin de se conformer aux normes d'hygiène et de salubrité alimentaire, les produits alimentaires offerts doivent provenir de traiteurs, restaurants et/ou épiceries détenant un permis du MAPAQ en bonne et due forme et doivent être offert gratuitement aux participants de votre activité.
B30: Veuillez s'il vous plaît remplir toutes les cases bleues pour avoir accès aux autres sections qui vous concernent
B31: Allez à la section 5
B32: Allez à la section 6
A33: Section 5 | B33: Note : vous devez fournir votre propre ordinateur portable. Ce dernier doit pouvoir acceuillir un fil HDMI.
B34: Note : Il y a 2 micros disponibles au bar. Ils sont sous votre responsabilité. En cas de bris, perte ou vol, 200$ par micros vous sera facturé.
B35: Si vous avez besoin de micros supplémentaires, veuillez communiquer avec les Services de Technologie de l'Information de l'UQAR
B36: Note : Notre matériel est très limité. Veuillez vous procurer le matériel nécessaire au groupe de musique.
B37: IMPORTANT : si vous avez besoin d'un soutien technique pour l'installation du matériel, veuillez comminiquer avec l'AGECAR (PLUSIEURS JOURS À L'AVANCE) afin de prendre arrangement.
B39: Note : nous vous fournirons le câble pour vous brancher à la console, mais vous devez fournir votre propre ordinateur portable.
B40: Veuillez s'il vous plaît remplir toutes les cases bleues pour avoir accès aux autres sections qui vous concernent
B41: Allez à la section 6
A42: Section 6 | B42: Vous pouvez maintenant passer votre commande d'alcool
B43: EN CLIQUANT ICI
B44: Votre formulaire est maintenent valide. VEUILLEZ LE SAUVEGARDER dès maintenant et
B45: Cliquez ICI
B46: Allez à la section 7
B47: Allez à la toute fin du formulaire
A48: Section 7 | B48: Vous pouvez maintenant passer votre commande d'alcool et/ou traiteur
B49: EN CLIQUANT ICI
B50: Si vous n'êtes pas prêt pour passer votre commande, VEUILLEZ SAUVEGARDER DÈS MAINTENANT et
B51: Étant donné que votre événement se déroulera en partie EN DEHORS de nos heures d'ouverture, vous devez également remplir le formulaire des Services Aux Étudiant
B52: EN CLIQUANT ICI
B53: Cliquez ICI
B54: Votre formulaire est maintenent valide. VEUILLEZ LE SAUVEGARDER dès maintenant et
B55: Cliquez ICI
A56: Jeudi de financement - Asso
B57: Ce formulaire ne vous concerne pas
B58: Veuillez tout d'abord compléter la Section 1 - Renseignements généraux
A59: Section 2 | B59: Note : Afin de se conformer aux normes d'hygiène et de salubrité alimentaire, les produits alimentaires offerts doivent provenir de traiteurs, restaurants et/ou épiceries détenant un permis du MAPAQ en bonne et due forme et doivent être offert gratuitement aux participants de votre activité.
B60: Veuillez s'il vous plaît remplir toutes les cases bleues pour avoir accès aux autres sections qui vous concernent
B61: Allez à la section 3
B62: Allez à la section 4
A63: Section 3 | B63: Note : vous devez fournir votre propre ordinateur portable
B64: Note : Il y a 2 micros disponibles au bar. Ils sont sous votre responsabilité. En cas de bris, perte ou vol, 200$ par micros vous sera facturé.
B65: Si vous avez besoin de micros supplémentaires, veuillez communiquer avec les Services de Technologie de l'Information de l'UQAR
B66: Note : Notre matériel est très limité. Veuillez vous procurer le matériel nécessaire au groupe de musique.
B67: IMPORTANT : si vous avez besoin d'un soutien technique pour l'installation du matériel, veuillez comminiquer avec l'AGECAR (PLUSIEURS JOURS À L'AVANCE) afin de prendre arrangement.
B69: Note : nous vous fournirons le câble pour vous brancher à la console, mais vous devez fournir votre propre ordinateur portable.
B70: Veuillez s'il vous plaît remplir toutes les cases bleues pour avoir accès aux autres sections qui vous concernent
B71: Allez à la section 4
A72: Section 5 | B72: Allez à la section 5
B73: Veuillez s'il vous plaît répondre à la question de la présente section pour avoir accès aux autres sections qui vous concernent
B74: Veuillez s'il vous plaît inscrire le nom et le code permanent d'au moins une personne responsable du second bar
B75: Allez à la section 6
B76: Allez à la section 7
A77: Section 7 | B77: Pour passer votre commande d'alcool
B78: Si vous n'êtes pas prêt à passer votre commande, veuillez sauvegarder votre demande dès maintenant et revenir plus tard
B79: veuillez tout d'abord accepter les termes du présent contrat
B80: Nous ne pouvons traiter votre demande puisque vous n'acceptez pas les termes du présent contrat
A81: Bon de commande | B81: Votre formulaire est maintenent valide. VEUILLEZ LE SAUVEGARDER dès maintenant et
B82: Cliquez ICI
B83: Vous devez inscrire le nom du local avant de pouvoir remplir le bon de commande
B84: Vous devez avoir complété les sections 1 et 2 du formulaire avant de pouvoir passer une commande
B85: Vous devez avoir répondu "oui" à la question "passer une commande…" (voir section 2 du formulaire)

Sheet Matrices Formulaires
A1: Formulaire unique | C1: Jeudi financement - Asso
B2: Section 1
D4: =IF(OR(B17="",B18="",B19="",B20="",B21="",B22="",B23="",B24="",B25="",B26="",B27="",B28="",B35=""),"","complet") | AM4: =IF(OR(B17="",B18="",B19="",B20="",B21="",B22="",B23="",B24="",B25="",B26="",B27="",B28="",B35=""),"","complet")
D6: =D4 | AM6: =AM4
D7: 1 | AM7: 1
B8: 0 | C8: 1 | D8: =Notes!B7 -> Veuillez s'il vous plaît remplir toutes les cases bleues pour avoir accès aux autres sections qui vous concernent | AK8: 0 | AL8: 1 | AM8: =IF('Formulaire unique'!AA63="","","")
B9: non | C9: 2 | D9: =IF(D4="",Notes!B7,Notes!B8) -> Veuillez s'il vous plaît remplir toutes les cases bleues pour avoir accès aux autres sections qui vous concernent | AK9: non | AL9: 2 | AM9: =IF('Formulaire unique'!AA63="non","","")
B10: oui | C10: 3 | D10: =IF(D6="",Notes!B7,"") -> Veuillez s'il vous plaît remplir toutes les cases bleues pour avoir accès aux autres sections qui vous concernent | AK10: oui | AL10: 3 | AM10: =IF(AM4="complet",Notes!B9,"")
B13: {=INDEX(D8:D10,VLOOKUP('Formulaire unique'!AA63,B8:C10,2,FALSE),HLOOKUP(D4,D6:D7,2,FALSE))} -> Veuillez s'il vous plaît remplir toutes les cases bleues pour avoir accès aux autres sections qui vous concernent | AK13: {=INDEX(AM8:AM10,VLOOKUP('Formulaire unique'!AA63,AK8:AL10,2,FALSE),HLOOKUP(AM4,AM6:AM7,2,FALSE))}
B17: {=IF('Formulaire unique'!K33:AP33="","",'Formulaire unique'!K33)} | AM17: =IF(OR(B17="",B18="",B19="",B20="",B21="",B22="",B23="",B24="",B25="",B26="",B27="",B28="",B35=""),"","complet")
B18: =IF('Formulaire unique'!T35="","",'Formulaire unique'!T35)
B19: =IF('Formulaire unique'!K37="","",'Formulaire unique'!K37) | AM19: =AM17
B20: =IF('Formulaire unique'!M37="","",'Formulaire unique'!M37) | AM20: 1
B21: {=IF('Formulaire unique'!O37:P37="","",'Formulaire unique'!O37)} | AK21: 0 | AL21: 1 | AM21: =IF('Formulaire unique'!AA63="","","")
B22: {=IF('Formulaire unique'!I40:K40="","",'Formulaire unique'!I40)} | AK22: non | AL22: 2 | AM22: =IF('Formulaire unique'!AA63="non","","")
B23: {=IF('Formulaire unique'!Q40:S40="","",'Formulaire unique'!Q40)} | AK23: oui | AL23: 3 | AM23: =IF(AM17="complet",Notes!B10,"")
B24: {=IF('Formulaire unique'!R42:S42="","",'Formulaire unique'!R42)}
B25: {=IF('Formulaire unique'!U44:AP44="","",'Formulaire unique'!U44)}
B26: {=IF('Formulaire unique'!I46:AP46="","",'Formulaire unique'!I46)} | AK26: {=INDEX(AM21:AM23,VLOOKUP('Formulaire unique'!AA63,AK21:AL23,2,FALSE),HLOOKUP(AM17,AM19:AM20,2,FALSE))}
B27: {=IF('Formulaire unique'!AD48:AF48="","",'Formulaire unique'!AD48)}
B28: =IF('Formulaire unique'!O54="","",'Formulaire unique'!O54)
B35: {=IF('Formulaire unique'!AA63:AC63="","",'Formulaire unique'!AA63)}
A38: Formulaire unique
B39: Section 2
B41: =IF('Formulaire unique'!T72="","",'Formulaire unique'!T72) | AM41: =IF(OR(B41="",B42="",B43="",B45=""),"","complet")
B42: =IF('Formulaire unique'!Y74="","",'Formulaire unique'!Y74)
B43: =IF('Formulaire unique'!V76="","",'Formulaire unique'!V76) | AL43: Alcool | AM43: 0 | AN43: non | AO43: oui
AK44: Local | AM44: 1 | AN44: 2 | AO44: 3
B45: =IF('Formulaire unique'!V80="","",'Formulaire unique'!V80) | AK45: 0 | AL45: 1 | AM45: =Notes!B11 -> Veuillez s'il vous plaît remplir toutes les cases bleues pour avoir accès aux autres sections qui vous concernent | AN45: =Notes!B11 -> Veuillez s'il vous plaît remplir toutes les cases bleues pour avoir accès aux autres sections qui vous concernent | AO45: =Notes!B11 -> Veuillez s'il vous plaît remplir toutes les cases bleues pour avoir accès aux autres sections qui vous concernent
AK46: non | AL46: 2 | AM46: =Notes!B11 -> Veuillez s'il vous plaît remplir toutes les cases bleues pour avoir accès aux autres sections qui vous concernent | AN46: =Notes!B12 -> Oupsss! Ce formulaire concerne la réservation de local et/ou commande de produits. Veuillez répondre "oui" à au moins une question | AO46: =IF(AM41="complet","",Notes!B11) -> Veuillez s'il vous plaît remplir toutes les cases bleues pour avoir accès aux autres sections qui vous concernent
AK47: oui | AL47: 3 | AM47: =Notes!B11 -> Veuillez s'il vous plaît remplir toutes les cases bleues pour avoir accès aux autres sections qui vous concernent | AN47: =Notes!B13 -> Allez à la section 3 | AO47: =IF(AM41="complet",Notes!B13,Notes!B11) -> Veuillez s'il vous plaît remplir toutes les cases bleues pour avoir accès aux autres sections qui vous concernent
AK50: {=INDEX(AM45:AO47,VLOOKUP('Formulaire unique'!T72,'Matrices Formulaires'!AK45:AL47,2,FALSE),HLOOKUP('Formulaire unique'!Y74,'Matrices Formulaires'!AM43:AO44,2,FALSE))} -> Veuillez s'il vous plaît remplir toutes les cases bleues pour avoir accès aux autres sections qui vous concernent
AM53: =IF(OR(B41="",B42="",B43="",B45=""),"","complet")
AL55: Alcool | AM55: 0 | AN55: non | AO55: oui
AK56: Local | AM56: 1 | AN56: 2 | AO56: 3
AK57: 0 | AL57: 1 | AM57: =IF('Formulaire unique'!T72="","","") | AN57: =IF('Formulaire unique'!T72="","","") | AO57: =IF('Formulaire unique'!T72="","","")
AK58: non | AL58: 2 | AM58: =IF('Formulaire unique'!T72="non","","") | AN58: =IF('Formulaire unique'!T72="non","","") | AO58: =IF(AM53="complet",Notes!B14,"")
AK59: oui | AL59: 3 | AM59: =IF('Formulaire unique'!T72="oui","","") | AN59: =IF('Formulaire unique'!T72="oui","","") | AO59: =IF('Formulaire unique'!T72="oui","","")
AK62: {=INDEX(AM57:AO59,VLOOKUP('Formulaire unique'!T72,'Matrices Formulaires'!AK57:AL59,2,FALSE),HLOOKUP('Formulaire unique'!Y74,'Matrices Formulaires'!AM55:AO56,2,FALSE))}
AM65: =IF(OR(B41="",B42="",B43="",B45=""),"","complet")
AL67: Alcool | AM67: 0 | AN67: non | AO67: oui
AK68: Local | AM68: 1 | AN68: 2 | AO68: 3
AK69: 0 | AL69: 1 | AM69: =IF('Formulaire unique'!T72="","","") | AN69: =IF('Formulaire unique'!T72="","","") | AO69: =IF('Formulaire unique'!T72="","","")
AK70: non | AL70: 2 | AM70: =IF('Formulaire unique'!T72="non","","") | AN70: =IF('Formulaire unique'!T72="non","","") | AO70: =IF(AM65="complet",Notes!B15,"")
AK71: oui | AL71: 3 | AM71: =IF('Formulaire unique'!T72="oui","","") | AN71: =IF('Formulaire unique'!T72="oui","","") | AO71: =IF('Formulaire unique'!T72="oui","","")
AK74: {=INDEX(AM69:AO71,VLOOKUP('Formulaire unique'!T72,'Matrices Formulaires'!AK69:AL71,2,FALSE),HLOOKUP('Formulaire unique'!Y74,'Matrices Formulaires'!AM67:AO68,2,FALSE))}
A77: Formulaire unique
B78: Section 3
B81: =IF('Formulaire unique'!W89="","",'Formulaire unique'!W89) | AM81: =IF(OR(B81="",B82=""),"","complet")
B82: =IF('Formulaire unique'!AF111="","",'Formulaire unique'!AF111)
AL83: Heures | AM83: 0 | AN83: non | AO83: oui | AP83: en partie
AK84: Local | AM84: 1 | AN84: 2 | AO84: 3 | AP84: 4
AK85: 0 | AL85: 1 | AM85: =Notes!B22 -> Veuillez s'il vous plaît remplir toutes les cases bleues pour avoir accès aux autres sections qui vous concernent | AN85: =Notes!B22 -> Veuillez s'il vous plaît remplir toutes les cases bleues pour avoir accès aux autres sections qui vous concernent | AO85: =Notes!B22 -> Veuillez s'il vous plaît remplir toutes les cases bleues pour avoir accès aux autres sections qui vous concernent | AP85: =Notes!B22 -> Veuillez s'il vous plaît remplir toutes les cases bleues pour avoir accès aux autres sections qui vous concernent
AK86: Café L'Auriculaire | AL86: 2 | AM86: =Notes!B22 -> Veuillez s'il vous plaît remplir toutes les cases bleues pour avoir accès aux autres sections qui vous concernent | AN86: =Notes!B23 -> Allez à la section 4 | AO86: =IF(AM81="complet",Notes!B24,Notes!B22) -> Veuillez s'il vous plaît remplir toutes les cases bleues pour avoir accès aux autres sections qui vous concernent | AP86: =Notes!B23 -> Allez à la section 4
AK87: Bar Le Baromètre | AL87: 3 | AM87: =Notes!B22 -> Veuillez s'il vous plaît remplir toutes les cases bleues pour avoir accès aux autres sections qui vous concernent | AN87: =Notes!B23 -> Allez à la section 4 | AO87: =IF(AM81="complet",Notes!B24,Notes!B22) -> Veuillez s'il vous plaît remplir toutes les cases bleues pour avoir accès aux autres sections qui vous concernent | AP87: =Notes!B23 -> Allez à la section 4
AK88: Autre | AL88: 4 | AM88: =IF('Formulaire unique'!W89="autre","","") | AN88: =IF('Formulaire unique'!W89="autre","","") | AO88: =IF('Formulaire unique'!W89="autre","","") | AP88: =IF('Formulaire unique'!W89="autre","","")
AK90: {=INDEX(AM85:AP88,VLOOKUP('Formulaire unique'!W89,AK85:AL88,2,FALSE),HLOOKUP('Formulaire unique'!AF111,AM83:AP84,2,FALSE))} -> Veuillez s'il vous plaît remplir toutes les cases bleues pour avoir accès aux autres sections qui vous concernent
AM93: =IF(OR(B81="",B82=""),"","complet")
AL95: Heures | AM95: oui | AN95: non | AO95: en partie | AP95: 0
AK96: Local | AM96: 1 | AN96: 2 | AO96: 3 | AP96: 4
AK97: 0 | AL97: 1 | AM97: =IF('Formulaire unique'!W89="","","") | AN97: =IF('Formulaire unique'!W89="","","") | AO97: =IF('Formulaire unique'!W89="","","") | AP97: =IF('Formulaire unique'!W89="","","")
AK98: Café L'Auriculaire | AL98: 2 | AM98: =Notes!B25 -> Passer au formulaire : SCÉ | AN98: =IF('Formulaire unique'!W89="Café L'Auriculaire","","") | AO98: =IF('Formulaire unique'!W89="Café L'Auriculaire","","") | AP98: =IF('Formulaire unique'!W89="Café L'Auriculaire","","")
AK99: Bar Le Baromètre | AL99: 3 | AM99: =Notes!B25 -> Passer au formulaire : SCÉ | AN99: =IF('Formulaire unique'!W89="Bar Le Baromètre","","") | AO99: =IF('Formulaire unique'!W89="Bar Le Baromètre","","") | AP99: =IF('Formulaire unique'!W89="Bar Le Baromètre","","")
AK100: Autre | AL100: 4 | AM100: =IF('Formulaire unique'!W89="Autre","","") | AN100: =IF('Formulaire unique'!W89="Autre","","") | AO100: =IF('Formulaire unique'!W89="Autre","","") | AP100: =IF('Formulaire unique'!W89="Autre","","")
AK102: {=INDEX(AM97:AP100,VLOOKUP('Formulaire unique'!W89,'Matrices Formulaires'!AK97:AL100,2,FALSE),HLOOKUP('Formulaire unique'!AF111,'Matrices Formulaires'!AM95:AP96,2,FALSE))}
AM105: =IF(OR(B81="",B82=""),"","complet")
AL107: Heures | AM107: oui | AN107: non | AO107: en partie | AP107: 0
AK108: Local | AM108: 1 | AN108: 2 | AO108: 3 | AP108: 4
AK109: 0 | AL109: 1 | AM109: =IF('Formulaire unique'!W89="","","") | AN109: =IF('Formulaire unique'!W89="","","") | AO109: =IF('Formulaire unique'!W89="","","") | AP109: =IF('Formulaire unique'!W89="","","")
AK110: Café L'Auriculaire | AL110: 2 | AM110: =Notes!B26 -> EN CLIQUANT ICI | AN110: =IF('Formulaire unique'!W89="Café L'Auriculaire","","") | AO110: =IF('Formulaire unique'!W89="Café L'Auriculaire","","") | AP110: =IF('Formulaire unique'!W89="Café L'Auriculaire","","")
AK111: Bar Le Baromètre | AL111: 3 | AM111: =Notes!B26 -> EN CLIQUANT ICI | AN111: =IF('Formulaire unique'!W89="Bar Le Baromètre","","") | AO111: =IF('Formulaire unique'!W89="Bar Le Baromètre","","") | AP111: =IF('Formulaire unique'!W89="Bar Le Baromètre","","")
AK112: Autre | AL112: 4 | AM112: =IF('Formulaire unique'!W89="Autre","","") | AN112: =IF('Formulaire unique'!W89="Autre","","") | AO112: =IF('Formulaire unique'!W89="Autre","","") | AP112: =IF('Formulaire unique'!W89="Autre","","")
AK114: {=INDEX(AM109:AP112,VLOOKUP('Formulaire unique'!W89,'Matrices Formulaires'!AK109:AL112,2,FALSE),HLOOKUP('Formulaire unique'!AF111,'Matrices Formulaires'!AM107:AP108,2,FALSE))}
A118: Formulaire unique
B119: Section 4
A120: non - non | B120: non - oui | C120: oui - non | D120: oui -oui
A121: =IF(OR(D122="",D124="",D126="",D127="",D128="",D129=""),"","complet") | B121: =IF(OR(D122="",D124="",D125="",D126="",D127="",D128="",D129=""),"","complet") | C121: =IF(OR(D122="",D123="",D124="",D126="",D127="",D128="",D129=""),"","complet") | D121: =IF(OR(D122="",D123="",D124="",D125="",D126="",D127="",D128="",D129=""),"","complet")
D122: =IF('Formulaire unique'!AJ128="","",'Formulaire unique'!AJ128) -> N/A | AL122: Nourriture | AM122: 0 | AN122: oui | AO122: non
D123: =IF('Formulaire unique'!U132="","",'Formulaire unique'!U132) | AK123: Financement | AM123: 1 | AN123: 2 | AO123: 3
D124: =IF('Formulaire unique'!AA134="","",'Formulaire unique'!AA134) | AK124: 0 | AL124: 1 | AM124: =IF('Formulaire unique'!AJ128="",Notes!B30,"") | AN124: =IF('Formulaire unique'!AJ128="",Notes!B30,"") | AO124: =IF('Formulaire unique'!AJ128="",Notes!B30,"")
D125: =IF('Formulaire unique'!T139="","",'Formulaire unique'!T139) | AK125: oui | AL125: 2 | AM125: =IF('Formulaire unique'!AA134="",Notes!B30,"") -> Veuillez s'il vous plaît remplir toutes les cases bleues pour avoir accès aux autres sections qui vous concernent | AN125: =IF(D121="complet",Notes!B31,Notes!B30) -> Veuillez s'il vous plaît remplir toutes les cases bleues pour avoir accès aux autres sections qui vous concernent | AO125: =IF(C121="complet",Notes!B31,Notes!B30) -> Veuillez s'il vous plaît remplir toutes les cases bleues pour avoir accès aux autres sections qui vous concernent
D126: =IF('Formulaire unique'!R144="","",'Formulaire unique'!R144) | AK126: non | AL126: 3 | AM126: =IF('Formulaire unique'!AA134="",Notes!B30,"") -> Veuillez s'il vous plaît remplir toutes les cases bleues pour avoir accès aux autres sections qui vous concernent | AN126: =IF(B121="complet",Notes!B31,Notes!B30) -> Veuillez s'il vous plaît remplir toutes les cases bleues pour avoir accès aux autres sections qui vous concernent | AO126: =IF(A121="complet",Notes!B31,Notes!B30) -> Veuillez s'il vous plaît remplir toutes les cases bleues pour avoir accès aux autres sections qui vous concernent
D127: =IF('Formulaire unique'!O146="","",'Formulaire unique'!O146) | AK127: N/A | AL127: 4 | AM127: =IF('Formulaire unique'!AJ128="N/A",Notes!B30,"") -> Veuillez s'il vous plaît remplir toutes les cases bleues pour avoir accès aux autres sections qui vous concernent | AN127: =IF(B121="complet",Notes!B31,Notes!B30) -> Veuillez s'il vous plaît remplir toutes les cases bleues pour avoir accès aux autres sections qui vous concernent | AO127: =IF(A121="complet",Notes!B31,Notes!B30) -> Veuillez s'il vous plaît remplir toutes les cases bleues pour avoir accès aux autres sections qui vous concernent
D128: =IF('Formulaire unique'!T148="","",'Formulaire unique'!T148) | AK128: {=INDEX(AM124:AP127,VLOOKUP('Formulaire unique'!AJ128,'Matrices Formulaires'!AK124:AL127,2,FALSE),HLOOKUP('Formulaire unique'!AA134,'Matrices Formulaires'!AM122:AO123,2,FALSE))} -> Veuillez s'il vous plaît remplir toutes les cases bleues pour avoir accès aux autres sections qui vous concernent
D129: =IF('Formulaire unique'!AG151="","",'Formulaire unique'!AG151)
A131: Publicité
A132: =IF(OR('Formulaire unique'!R144="oui",'Formulaire unique'!O146="oui",'Formulaire unique'!T148="oui"),"oui","non") -> non
A135: Formulaire unique
B136: Section 5
A137: sans micro | B137: micros | AL137: nb micro | AM137: 0 | AN137: =IF('Formulaire unique'!Y166="","",'Formulaire unique'!Y166)
A138: =IF(OR(B139="",B140="",B142="",B143="",B144="",B145=""),"","complet") | B138: =IF(OR(B139="",B140="",B141="",B142="",B143="",B144="",B145=""),"","complet") | AK138: Qustion 1 | AM138: 1 | AN138: 2
B139: =IF('Formulaire unique'!H163="","",'Formulaire unique'!H163) | AK139: 0 | AL139: 1 | AM139: =Notes!B40 -> Veuillez s'il vous plaît remplir toutes les cases bleues pour avoir accès aux autres sections qui vous concernent | AN139: =Notes!B40 -> Veuillez s'il vous plaît remplir toutes les cases bleues pour avoir accès aux autres sections qui vous concernent
B140: =IF('Formulaire unique'!G166="","",'Formulaire unique'!G166) | AK140: oui | AL140: 2 | AM140: =IF(B138="complet",Notes!B41,Notes!B40) -> Veuillez s'il vous plaît remplir toutes les cases bleues pour avoir accès aux autres sections qui vous concernent | AN140: =IF(B138="complet",Notes!B41,Notes!B40) -> Veuillez s'il vous plaît remplir toutes les cases bleues pour avoir accès aux autres sections qui vous concernent
B141: =IF('Formulaire unique'!Y166="","",'Formulaire unique'!Y166) | AK141: non | AL141: 3 | AM141: =IF(A138="complet",Notes!B41,Notes!B40) -> Veuillez s'il vous plaît remplir toutes les cases bleues pour avoir accès aux autres sections qui vous concernent | AN141: =IF(A138="complet",Notes!B41,Notes!B40) -> Veuillez s'il vous plaît remplir toutes les cases bleues pour avoir accès aux autres sections qui vous concernent
B142: =IF('Formulaire unique'!P170="","",'Formulaire unique'!P170)
B143: =IF('Formulaire unique'!Q173="","",'Formulaire unique'!Q173) | AK143: {=INDEX(AM139:AN141,VLOOKUP('Formulaire unique'!G166,'Matrices Formulaires'!AK139:AL141,2,FALSE),HLOOKUP('Formulaire unique'!Y166,'Matrices Formulaires'!AM137:AN138,2,FALSE))} -> Veuillez s'il vous plaît remplir toutes les cases bleues pour avoir accès aux autres sections qui vous concernent
B144: =IF('Formulaire unique'!Y176="","",'Formulaire unique'!Y176)
B145: =IF('Formulaire unique'!Z180="","",'Formulaire unique'!Z180)
A148: Formulaire unique
B149: Section 6
...

Sheet Menus déroulant
A2: Menus déroulants
A4: oui | B4: oui | E4: 0.625 | F4: Café L'Auriculaire | G4: Association étudiante de l'UQAR | H4: 4 à 7 | I4: marc.agecar@gmail.com
A5: non | B5: non | C5: 1 | D5: janvier | E5: 0.64583333 | F5: Bar Le Baromètre | G5: Étudiant(e) de l'UQAR | H5: 5 à 8 | I5: marc_guilbeault@uqar.ca
A6: en partie | B6: N/A | C6: 2 | D6: février | E6: 0.66666667 | F6: Autre | G6: Employé(e) de l'UQAR | I6: agecar-instances@uqar.ca
C7: 3 | D7: mars | E7: 0.6875 | G7: Personne, groupe ou association non relié(e) à l'UQAR | I7: agecar@uqar.ca
C8: 4 | D8: avril | E8: 0.70833333
C9: 5 | D9: mai | E9: 0.72916667
C10: 6 | D10: juin | E10: 0.75
C11: 7 | D11: juillet | E11: 0.77083333
C12: 8 | D12: août | E12: 0.79166667
C13: 9 | D13: septembre | E13: 0.8125
C14: 10 | D14: octobre | E14: 0.83333333
C15: 11 | D15: novembre | E15: 0.85416667
C16: 12 | D16: décembre | E16: 0.875
C17: 13 | E17: 0.89583333
C18: 14 | E18: 0.91666667
C19: 15 | E19: 0.9375
C20: 16 | E20: 0.95833333
C21: 17 | E21: 0.97916667
C22: 18 | E22: 0
C23: 19 | E23: 0.020833333
C24: 20 | E24: 0.041666667
C25: 21 | E25: 0.0625
C26: 22 | E26: 0.083333333
C27: 23 | E27: 0.10416667
C28: 24 | E28: 0.125
... C35: 31 | E35: 0.27083333
E36: 0.29166667
E37: 0.3125
E38: 0.33333333
E39: 0.35416667
E40: 0.375
E41: 0.39583333
E42: 0.41666667
E43: 0.4375
E44: 0.45833333
E45: 0.47916667
E46: 0.5
E47: 0.52083333
... E51: 0.60416667
B55: Notes
B56: Note : C'est le département des Services Aux Étudiants de l'UQAR (SAE) qui gère les réservations de l'Auriculaire en dehors de nos heures normales d'ouverture. Veuillez adresser votre demande à Véronique Potvin : (418) 723-1986 poste 1781 ou veronique_potvin@uqar.ca
B57: Note : Veuillez prendre note qu'à l'intérieur des heures d'affaires normales, l'auriculaire est ouvert à tous et ne peu vous être exclusivement réservé.
B58: IMPORTANT : La capacité maximale règlementaire selon les normes de sécurité des bâtiments pour l'Ariculaire est de 48 personnes. Les heures d'affaires normales de l'Auriculaire sont de 7h30 à 17h00 du lundi au vendredi (fermé le samedi et dimanche)

Sheet Bon de commande
B1: =IF('Formulaire unique'!Y74="non",Notes!B85,Notes!B84) -> Vous devez avoir complété les sections 1 et 2 du formulaire avant de pouvoir passer une commande
B9: Bon de commande d'alcool et/ou traiteur
B13: Vous pouvez en tout temps retourner au début du formulaire | AG13: EN CLIQUANT ICI
C16: Marche à suivre
C18: 1 | E18: Remplissez les cases bleues qui correspondent aux produits que vous voulez commander.
C20: 2 | E20: Référez-vous aux informations complémentaires qui se trouvent à la droite des différents tableaux.
C22: 3 | E22: Voyez le prix estimé de votre commande tout au bas de la page et suivez les directives.
C24: 4 | E24: Dès que votre événement est terminé, veuillez retourner les produits non consommés; soit au Baromètre, soit à nos bureaux (E-220).
C27: 5 | E27: Une facture officielle vous sera envoyée avec les détails du mode de paiement.
C31: Lieu de l'événement (Local) :
C33: ='Matrices Bon de commande'!B10 -> Vous devez inscrire le nom du local avant de pouvoir remplir le bon de commande
C37: Produits en canette disponibles
C39: Nom du produit | I39: Format | M39: Prix unitaire | P39: Prix à la caisse | T39: Quantité | X39: Total | AB39: Il est possible de commander des demi-caisses
C41: Molson Canadian | I41: 24 x 473 ml | M41: {=INDEX('Matrices Bon de commande'!D16:H24,1,HLOOKUP('Formulaire unique'!V80,'Matrices Bon de commande'!D14:H15,2,FALSE))} -> 0 | P41: =M41*24 -> 0 | X41: =T41*24*M41 -> 0 | AB41: Les prix n'incluent pas les taxes, ni les consignes
C42: Belgian Moon | I42: 24 x 473 ml | M42: {=INDEX('Matrices Bon de commande'!D16:H24,2,HLOOKUP('Formulaire unique'!V80,'Matrices Bon de commande'!D14:H15,2,FALSE))} -> 0 | P42: =M42*24 -> 0 | X42: =T42*24*M42 -> 0
C43: Amer IPA | I43: 24 x 473 ml | M43: {=INDEX('Matrices Bon de commande'!D16:H24,3,HLOOKUP('Formulaire unique'!V80,'Matrices Bon de commande'!D14:H15,2,FALSE))} -> 0 | P43: =M43*24 -> 0 | X43: =T43*24*M43 -> 0
C44: Griffintown | I44: 24 x 473 ml | M44: {=INDEX('Matrices Bon de commande'!D16:H24,4,HLOOKUP('Formulaire unique'!V80,'Matrices Bon de commande'!D14:H15,2,FALSE))} -> 0 | P44: =M44*24 -> 0 | X44: =T44*24*M44 -> 0
C45: Cidre McKeown | I45: 12 x 473 ml | M45: {=INDEX('Matrices Bon de commande'!D16:H24,5,HLOOKUP('Formulaire unique'!V80,'Matrices Bon de commande'!D14:H15,2,FALSE))} -> 0 | P45: =M45*12 -> 0 | X45: =T45*12*M45 -> 0
C46: Bière sans alcool | I46: 12 x 473 ml | M46: {=INDEX('Matrices Bon de commande'!D16:H24,6,HLOOKUP('Formulaire unique'!V80,'Matrices Bon de commande'!D14:H15,2,FALSE))} -> 0 | P46: =M46*12 -> 0 | X46: =T46*12*M46 -> 0
C47: Gin Tonic prêt à boire | I47: 4 x 355 ml | M47: {=INDEX('Matrices Bon de commande'!D16:H24,7,HLOOKUP('Formulaire unique'!V80,'Matrices Bon de commande'!D14:H15,2,FALSE))} -> 0 | P47: N/A | X47: =T47*4*M47 -> 0
C48: Kombucha | I48: unité (341 ml) | M48: {=INDEX('Matrices Bon de commande'!D16:H24,8,HLOOKUP('Formulaire unique'!V80,'Matrices Bon de commande'!D14:H15,2,FALSE))} -> 0 | P48: N/A | X48: =T48*M48 -> 0
M49: {=INDEX('Matrices Bon de commande'!D16:H24,9,HLOOKUP('Formulaire unique'!V80,'Matrices Bon de commande'!D14:H15,2,FALSE))} -> 0 | P49: N/A | X49: =IFERROR(T49*M49,0) -> 0
C50: Total | T50: =(24*T41)+(24*T42)+(24*T43)+(24*T44)+(12*T45)+(12*T46)+(T47*4)+T48+T49 -> 0 | V50: unités | X50: =SUM(X41:Z49) -> 0
C55: Vins disponibles
C57: Nom du produit | P57: Format | S57: Prix unitaire | V57: Nombre de bouteilles | Z57: Total | AD57: Il est possible de commander d'autres vins que ceux disponibles. Voir les consignes à la prochaine section.
C59: Borsao Tocado Campo de Borja (rouge) | P59: 750 ml | S59: {=INDEX('Matrices Bon de commande'!D30:H31,1,HLOOKUP('Formulaire unique'!V80,'Matrices Bon de commande'!D28:H29,2,FALSE))} -> 0 | Z59: =S59*V59 -> 0
C60: Concha Y Toro Frontera Chardonnay (blanc) | P60: 750 ml | S60: {=INDEX('Matrices Bon de commande'!D30:H31,2,HLOOKUP('Formulaire unique'!V80,'Matrices Bon de commande'!D28:H29,2,FALSE))} -> 0 | Z60: =S60*V60 -> 0 | AD60: Nous ne fournissons pas les coupes
C61: Total | V61: =SUM(V59:Y60) -> 0 | X61: unités | Z61: =SUM(Z59:AB60) -> 0 | AD61: Les prix n'inclues pas les taxes.
C66: Commande spéciale
C68: Nous possédons une sélection de vins à nos bureaux (Local E-220). Vous pouvez communiquer avec nous pour en connaître la liste ou
C69: faire une commande spéciale de vin en vous rendant sur le site de la SAQ Rimouski : | Z69: https://www.saq.com/fr/store/33505
C70: Faites votre sélection en prenant en note le code SAQ, le nom du produit, le format et le prix affiché. Remplissez le tableau qui suit.
C72: Note : | E72: 1) Vous devez nous faire parvenir votre bon de commande au moins 7 jours avant votre événement
E73: S'il est trop tard, communiquez avec l'AGECAR pour connaître la sélection de vins que nous avons à nos bureaux (Local E-220)
E74: 2) Nous ne pouvons garantir la disponibilité des produits (le site de la SAQ n'est pas nécessairement à jour)
E75: 3) Des frais de gestion s'appliquent (ils s'ajouteront automatiquement dans le bon de commande qui suit)
E76: 4) Les prix n'incluent pas les taxes (même s'il sont inclus dans l'affichage de la SAQ)
E77: 5) Seuls les produits consommés vous seront facturés
C79: Code SAQ | G79: Nom du produit | W79: Format | Z79: Prix unitaire affiché à la SAQ | AE79: Frais de gestion par bouteille | AJ79: Nombre de bouteilles | AN79: Total
Y81: ml | AE81: {=Z81*(INDEX('Matrices Bon de commande'!D38:H47,1,HLOOKUP('Formulaire unique'!V80,'Matrices Bon de commande'!D36:H37,2,FALSE)))} -> 0 | AN81: =(Z81+AE81)*AJ81 -> 0
Y82: ml | AE82: {=Z82*(INDEX('Matrices Bon de commande'!D38:H47,2,HLOOKUP('Formulaire unique'!V80,'Matrices Bon de commande'!D36:H37,2,FALSE)))} -> 0 | AN82: =(Z82+AE82)*AJ82 -> 0
Y83: ml | AE83: {=Z83*(INDEX('Matrices Bon de commande'!D38:H47,3,HLOOKUP('Formulaire unique'!V80,'Matrices Bon de commande'!D36:H37,2,FALSE)))} -> 0 | AN83: =(Z83+AE83)*AJ83 -> 0
Y84: ml | AE84: {=Z84*(INDEX('Matrices Bon de commande'!D38:H47,4,HLOOKUP('Formulaire unique'!V80,'Matrices Bon de commande'!D36:H37,2,FALSE)))} -> 0 | AN84: =(Z84+AE84)*AJ84 -> 0
Y85: ml | AE85: {=Z85*(INDEX('Matrices Bon de commande'!D38:H47,5,HLOOKUP('Formulaire unique'!V80,'Matrices Bon de commande'!D36:H37,2,FALSE)))} -> 0 | AN85: =(Z85+AE85)*AJ85 -> 0
Y86: ml | AE86: {=Z86*(INDEX('Matrices Bon de commande'!D38:H47,6,HLOOKUP('Formulaire unique'!V80,'Matrices Bon de commande'!D36:H37,2,FALSE)))} -> 0 | AN86: =(Z86+AE86)*AJ86 -> 0
Y87: ml | AE87: {=Z87*(INDEX('Matrices Bon de commande'!D38:H47,7,HLOOKUP('Formulaire unique'!V80,'Matrices Bon de commande'!D36:H37,2,FALSE)))} -> 0 | AN87: =(Z87+AE87)*AJ87 -> 0
Y88: ml | AE88: {=Z88*(INDEX('Matrices Bon de commande'!D38:H47,8,HLOOKUP('Formulaire unique'!V80,'Matrices Bon de commande'!D36:H37,2,FALSE)))} -> 0 | AN88: =(Z88+AE88)*AJ88 -> 0
Y89: ml | AE89: {=Z89*(INDEX('Matrices Bon de commande'!D38:H47,9,HLOOKUP('Formulaire unique'!V80,'Matrices Bon de commande'!D36:H37,2,FALSE)))} -> 0 | AN89: =(Z89+AE89)*AJ89 -> 0
Y90: ml | AE90: {=Z90*(INDEX('Matrices Bon de commande'!D38:H47,10,HLOOKUP('Formulaire unique'!V80,'Matrices Bon de commande'!D36:H37,2,FALSE)))} -> 0 | AN90: =(Z90+AE90)*AJ90 -> 0
C91: Total | AJ91: =SUM(AJ81:AM90) -> 0 | AL91: unités | AN91: =SUM(AN81:AP90) -> 0
C96: Service traiteur
C98: Nom du produit | P98: Format | U98: Prix unitaire | X98: Nombre | AB98: Total | AF98: Les prix n'incluent pas les taxes.
C100: Thermos de café (incluant lait et sucre) | P100: 9 à 10 tasses | U100: 13.05 | AB100: =U100*X100 -> 0
C101: Muffins variés | P101: unité | U101: 1.52 | AB101: =U101*X101 -> 0
C102: Chocolatines | P102: unité | U102: 1.96 | AB102: =U102*X102 -> 0
C103: Croissant | P103: unité | U103: 1.96 | AB103: =IF(U103="à discuter","",U103*X103) -> 0
C104: Thermos d'eau chaude | P104: unité | U104: 0 | AB104: =IF(U104="à discuter","",U104*X104) -> 0
U105: à discuter | AB105: =IF(U105="à discuter","",U105*X105)
U106: à discuter | AB106: =IF(U106="à discuter","",U106*X106)
U107: à discuter | AB107: =IF(U107="à discuter","",U107*X107)
C108: Total | AB108: =SUM(AB100:AD107) -> 0
C113: Location de matériel
C115: Matériel | P115: Format | U115: Prix de la consigne | X115: Nombre | AB115: Total | AF115: Nous ne demandons pas de dépôt pour l'emprunt. Seul le matériel non retourné vous sera facturé.
C117: Écocup | P117: 12 onces | U117: 2 | AB117: =U117*X117 -> 0
C118: Tasses à café | P118: unité | U118: 0.5 | AB118: =U118*X118 -> 0
C119: Verre à vin en vitre | P119: unité | U119: 5 | AB119: =U119*X119 -> 0
U120: à discuter
U121: à discuter
C122: Total | AB122: =SUM(AB117:AD121) -> 0
C127: Estimation de votre commande (ceci n'est pas une facture) les prix sont sujet à changement sans préavis
I129: Soumission produite pour : | Q129: =IF('Formulaire unique'!V76="","",'Formulaire unique'!V76)
I131: Événement : | N131: =IF('Formulaire unique'!K33="","",'Formulaire unique'!K33)
I132: Date : | N132: =IF(OR('Formulaire unique'!K37="",'Formulaire unique'!M37="",'Formulaire unique'!O37=""),"",CONCATENATE('Formulaire unique'!R37,"-",'Formulaire unique'!T37,"-",'Formulaire unique'!U37))
I133: Organisé par : | N133: =IF('Formulaire unique'!T35="","",'Formulaire unique'!T35)
I134: Responsable : | N134: =IF('Formulaire unique'!U44="","",'Formulaire unique'!U44)
I135: Courriel : | N135: =IF('Formulaire unique'!I46="","",'Formulaire unique'!I46)
C137: Bières | O137: =X50 -> 0 | T137: Le total ci-dessous ne tient pas en compte la location de matériel non retourné.
C138: Consignes sur les canettes (non taxable) | O138: =T50*0.1 -> 0
C139: Vins | O139: =Z61+AN91 -> 0 | T139: Seuls les produits consommés vous seront facturés.
C140: Service traiteur | O140: =AB108 -> 0
K141: Sous-Total | O141: =SUM(O137:R140) -> 0 | T141: N'oubliez pas de nous retourner les produits non consommés ainsi que le matériel louer DÈS QUE VOTRE ÉVÉNEMENT SERA TERMINÉ.
K142: TPS | O142: =(O137+O139+O140)*0.05 -> 0
K143: TVQ | O143: =(O137+O139+O140)*0.09975 -> 0
K144: Total | O144: =SUM(O141:Q143) -> 0 | T144: Après votre événement, une facture officielle vous sera envoyée avec les détails de paiement.
B148: Une fois votre bon de commande complété, veuillez | V148: Cliquer ici

Sheet FACTURATION
B3: Nom du produit | C3: Unités commandés | D3: Unités retournés | E3: À facturer
E4: Produit | F4: Consigne
B5: Bière Canette
B6: ='Bon de commande'!C41 -> Molson Canadian | C6: ='Bon de commande'!T41*24 -> 0 | E6: =(C6-D6)*'Bon de commande'!M41 -> 0 | F6: =(C6-D6)*0.2 -> 0
B7: ='Bon de commande'!C42 -> Belgian Moon | C7: ='Bon de commande'!T42*24 -> 0 | E7: =(C7-D7)*'Bon de commande'!M42 -> 0 | F7: =(C7-D7)*0.2 -> 0
B8: ='Bon de commande'!C43 -> Amer IPA | C8: ='Bon de commande'!T43*24 -> 0 | E8: =(C8-D8)*'Bon de commande'!M43 -> 0 | F8: =(C8-D8)*0.2 -> 0
B9: ='Bon de commande'!C44 -> Griffintown | C9: ='Bon de commande'!T44*24 -> 0 | E9: =(C9-D9)*'Bon de commande'!M44 -> 0 | F9: =(C9-D9)*0.2 -> 0
B10: ='Bon de commande'!C45 -> Cidre McKeown | C10: ='Bon de commande'!T45*24 -> 0 | E10: =(C10-D10)*'Bon de commande'!M45 -> 0 | F10: =(C10-D10)*0.2 -> 0
B11: ='Bon de commande'!C46 -> Bière sans alcool | C11: ='Bon de commande'!T46*24 -> 0 | E11: =(C11-D11)*'Bon de commande'!M46 -> 0 | F11: =(C11-D11)*0.2 -> 0
B12: ='Bon de commande'!C47 -> Gin Tonic prêt à boire | C12: ='Bon de commande'!T47*12 -> 0 | E12: =(C12-D12)*'Bon de commande'!M47 -> 0 | F12: =(C12-D12)*0.2 -> 0
B13: ='Bon de commande'!C48 -> Kombucha | C13: ='Bon de commande'!T48*12 -> 0 | E13: =(C13-D13)*'Bon de commande'!M48 -> 0 | F13: =(C13-D13)*0.2 -> 0
B14: Vin régulier
B15: ='Bon de commande'!C59 -> Borsao Tocado Campo de Borja (rouge) | C15: ='Bon de commande'!V59 -> 0 | E15: =(C15-D15)*'Bon de commande'!S59 -> 0
B16: ='Bon de commande'!C60 -> Concha Y Toro Frontera Chardonnay (blanc) | C16: ='Bon de commande'!V60 -> 0 | E16: =(C16-D16)*'Bon de commande'!S60 -> 0
B17: SAQ
B18: =IF('Bon de commande'!G81="","",'Bon de commande'!G81) | C18: =IF(B18="","",'Bon de commande'!AJ81) | E18: =IFERROR((C18-D18)*('Bon de commande'!Z81+'Bon de commande'!AE81),0) -> 0
B19: =IF('Bon de commande'!G82="","",'Bon de commande'!G82) | C19: =IF(B19="","",'Bon de commande'!AJ82) | E19: =IFERROR((C19-D19)*('Bon de commande'!Z82+'Bon de commande'!AE82),0) -> 0
B20: =IF('Bon de commande'!G83="","",'Bon de commande'!G83) | C20: =IF(B20="","",'Bon de commande'!AJ83) | E20: =IFERROR((C20-D20)*('Bon de commande'!Z83+'Bon de commande'!AE83),0) -> 0
B21: =IF('Bon de commande'!G84="","",'Bon de commande'!G84) | C21: =IF(B21="","",'Bon de commande'!AJ84) | E21: =IFERROR((C21-D21)*('Bon de commande'!Z84+'Bon de commande'!AE84),0) -> 0
B22: =IF('Bon de commande'!G85="","",'Bon de commande'!G85) | C22: =IF(B22="","",'Bon de commande'!AJ85) | E22: =IFERROR((C22-D22)*('Bon de commande'!Z85+'Bon de commande'!AE85),0) -> 0
B23: =IF('Bon de commande'!G86="","",'Bon de commande'!G86) | C23: =IF(B23="","",'Bon de commande'!AJ86) | E23: =IFERROR((C23-D23)*('Bon de commande'!Z86+'Bon de commande'!AE86),0) -> 0
B24: =IF('Bon de commande'!G87="","",'Bon de commande'!G87) | C24: =IF(B24="","",'Bon de commande'!AJ87) | E24: =IFERROR((C24-D24)*('Bon de commande'!Z87+'Bon de commande'!AE87),0) -> 0
B25: =IF('Bon de commande'!G88="","",'Bon de commande'!G88) | C25: =IF(B25="","",'Bon de commande'!AJ88) | E25: =IFERROR((C25-D25)*('Bon de commande'!Z88+'Bon de commande'!AE88),0) -> 0
B26: =IF('Bon de commande'!G89="","",'Bon de commande'!G89) | C26: =IF(B26="","",'Bon de commande'!AJ89) | E26: =IFERROR((C26-D26)*('Bon de commande'!Z89+'Bon de commande'!AE89),0) -> 0
B27: =IF('Bon de commande'!G90="","",'Bon de commande'!G90) | C27: =IF(B27="","",'Bon de commande'!AJ90) | E27: =IFERROR((C27-D27)*('Bon de commande'!Z90+'Bon de commande'!AE90),0) -> 0
B28: Service traiteur
B29: =IF('Bon de commande'!C100="","",'Bon de commande'!C100) -> Thermos de café (incluant lait et sucre) | C29: =IF(B29="","",'Bon de commande'!X100) -> 0 | E29: =IFERROR(C29*'Bon de commande'!U100,"PRIX") -> 0
B30: =IF('Bon de commande'!C101="","",'Bon de commande'!C101) -> Muffins variés | C30: =IF(B30="","",'Bon de commande'!X101) -> 0 | E30: =C30*'Bon de commande'!U101 -> 0
B31: =IF('Bon de commande'!C102="","",'Bon de commande'!C102) -> Chocolatines | C31: =IF(B31="","",'Bon de commande'!X102) -> 0 | E31: =C31*'Bon de commande'!U102 -> 0
B32: =IF('Bon de commande'!C103="","",'Bon de commande'!C103) -> Croissant | C32: =IF(B32="","",'Bon de commande'!X103) -> 0 | E32: =IFERROR(C32*'Bon de commande'!U103,0) -> 0
B33: =IF('Bon de commande'!C104="","",'Bon de commande'!C104) -> Thermos d'eau chaude | C33: =IF(B33="","",'Bon de commande'!X104) -> 0 | E33: =IFERROR(C33*'Bon de commande'!U104,0) -> 0
B34: =IF('Bon de commande'!C105="","",'Bon de commande'!C105) | C34: =IF(B34="","",'Bon de commande'!X105) | E34: =IFERROR(C34*'Bon de commande'!U105,0) -> 0
B35: =IF('Bon de commande'!C106="","",'Bon de commande'!C106) | C35: =IF(B35="","",'Bon de commande'!X106) | E35: =IFERROR(C35*'Bon de commande'!U106,0) -> 0
B36: =IF('Bon de commande'!C107="","",'Bon de commande'!C107) | C36: =IF(B36="","",'Bon de commande'!X107) | E36: =IFERROR(C36*'Bon de commande'!U107,0) -> 0
B37: Matériel de location
B38: =IF('Bon de commande'!C117="","",'Bon de commande'!C117) -> Écocup | C38: =IF(B38="","",'Bon de commande'!X117) -> 0 | E38: =IFERROR((C38-D38)*'Bon de commande'!U117,0) -> 0
B39: =IF('Bon de commande'!C118="","",'Bon de commande'!C118) -> Tasses à café | C39: =IF(B39="","",'Bon de commande'!X118) -> 0 | E39: =IFERROR((C39-D39)*'Bon de commande'!U118,0) -> 0
B40: =IF('Bon de commande'!C119="","",'Bon de commande'!C119) -> Verre à vin en vitre | C40: =IF(B40="","",'Bon de commande'!X119) -> 0 | E40: =IFERROR((C40-D40)*'Bon de commande'!U119,0) -> 0
B41: =IF('Bon de commande'!C120="","",'Bon de commande'!C120) | C41: =IF(B41="","",'Bon de commande'!X120) | E41: =IFERROR((C41-D41)*'Bon de commande'!U120,0) -> 0
B42: =IF('Bon de commande'!C121="","",'Bon de commande'!C121) | C42: =IF(B42="","",'Bon de commande'!X121) | E42: =IFERROR((C42-D42)*'Bon de commande'!U121,0) -> 0
C44: Bière canette | F44: =SUM(E6:E13) -> 0
C45: Consignes sur les bières (non taxable) | F45: =SUM(F6:F13) -> 0
C46: Vin régulier | F46: =SUM(E15:E16) -> 0
C47: Commande SAQ | F47: =SUM(E18:E27) -> 0
C48: Service traiteur | F48: =SUM(E29:E36) -> 0
C49: Matériel non retourné ou brisé | F49: =SUM(E38:E42) -> 0
E50: Sous total | F50: =SUM(F44:F49) -> 0
E51: TPS | F51: =(F44+F46+F47+F48)*0.05 -> 0
E52: TVQ | F52: =(F44+F46+F47+F48)*0.09975 -> 0
E53: TOTAL | F53: =SUM(F50:F52) -> 0

Sheet Matrices Bon de commande
A2: Lieu de l'événement
C4: Local section 3 | D4: 0 | E4: ='Menus déroulant'!F4 -> Café L'Auriculaire | F4: ='Menus déroulant'!F5 -> Bar Le Baromètre | G4: ='Menus déroulant'!F6 -> Autre
B5: Local section 2 | D5: 1 | E5: 2 | F5: 3 | G5: 4
B6: 0 | C6: 1 | D6: =IF('Bon de commande'!L31="",Notes!B83,"") -> Vous devez inscrire le nom du local avant de pouvoir remplir le bon de commande | E6: =Notes!B83 -> Vous devez inscrire le nom du local avant de pouvoir remplir le bon de commande | F6: =Notes!B83 -> Vous devez inscrire le nom du local avant de pouvoir remplir le bon de commande | G6: =IF('Bon de commande'!L31="",Notes!B83,"") -> Vous devez inscrire le nom du local avant de pouvoir remplir le bon de commande
B7: oui | C7: 2 | D7: =IF('Bon de commande'!L31="",Notes!B83,"") -> Vous devez inscrire le nom du local avant de pouvoir remplir le bon de commande | E7: =IF('Formulaire unique'!W89='Menus déroulant'!F4,"","") | F7: =IF('Formulaire unique'!W89='Menus déroulant'!F5,"","") | G7: =IF('Bon de commande'!L31="",Notes!B83,"") -> Vous devez inscrire le nom du local avant de pouvoir remplir le bon de commande
B8: non | C8: 3 | D8: =IF('Bon de commande'!L31="",Notes!B83,"") -> Vous devez inscrire le nom du local avant de pouvoir remplir le bon de commande | E8: =IF('Formulaire unique'!W89='Menus déroulant'!F4,"","") | F8: =IF('Formulaire unique'!W89='Menus déroulant'!F5,"","") | G8: =IF('Bon de commande'!L31="",Notes!B83,"") -> Vous devez inscrire le nom du local avant de pouvoir remplir le bon de commande
B10: {=INDEX(D6:G8,VLOOKUP('Formulaire unique'!T72,'Matrices Bon de commande'!B6:C8,2,FALSE),HLOOKUP('Formulaire unique'!W89,'Matrices Bon de commande'!D4:G5,2,FALSE))} -> Vous devez inscrire le nom du local avant de pouvoir remplir le bon de commande
A12: Bières en canette disponibles
C14: Client | D14: ='Menus déroulant'!G4 -> Association étudiante de l'UQAR | E14: ='Menus déroulant'!G5 -> Étudiant(e) de l'UQAR | F14: ='Menus déroulant'!G6 -> Employé(e) de l'UQAR | G14: ='Menus déroulant'!G7 -> Personne, groupe ou association non relié(e) à l'UQAR | H14: 0
A15: Prix de base | B15: Produit | D15: 1 | E15: 2 | F15: 3 | G15: 4 | H15: 5
A16: 2 | B16: ='Bon de commande'!C41 -> Molson Canadian | C16: 1 | D16: =$A16+($A16*25/100) -> 2.5 | E16: =$A16+($A16*25/100) -> 2.5 | F16: =$A16+($A16*40/100) -> 2.8 | G16: =$A16+($A16*50/100) -> 3 | H16: 0
A17: 2.3 | B17: ='Bon de commande'!C42 -> Belgian Moon | C17: 2 | D17: =$A17+($A17*25/100) -> 2.875 | E17: =$A17+($A17*25/100) -> 2.875 | F17: =$A17+($A17*40/100) -> 3.22 | G17: =$A17+($A17*50/100) -> 3.45 | H17: 0
A18: 2.3 | B18: ='Bon de commande'!C43 -> Amer IPA | C18: 3 | D18: =$A18+($A18*25/100) -> 2.875 | E18: =$A18+($A18*25/100) -> 2.875 | F18: =$A18+($A18*40/100) -> 3.22 | G18: =$A18+($A18*50/100) -> 3.45 | H18: 0
A19: 2.3 | B19: ='Bon de commande'!C44 -> Griffintown | C19: 4 | D19: =$A19+($A19*25/100) -> 2.875 | E19: =$A19+($A19*25/100) -> 2.875 | F19: =$A19+($A19*40/100) -> 3.22 | G19: =$A19+($A19*50/100) -> 3.45 | H19: 0
A20: 3.25 | B20: ='Bon de commande'!C45 -> Cidre McKeown | C20: 5 | D20: =$A20+($A20*25/100) -> 4.0625 | E20: =$A20+($A20*25/100) -> 4.0625 | F20: =$A20+($A20*40/100) -> 4.55 | G20: =$A20+($A20*50/100) -> 4.875 | H20: 0
A21: 2.3 | B21: ='Bon de commande'!C46 -> Bière sans alcool | C21: 6 | D21: =$A21+($A21*25/100) -> 2.875 | E21: =$A21+($A21*25/100) -> 2.875 | F21: =$A21+($A21*40/100) -> 3.22 | G21: =$A21+($A21*50/100) -> 3.45 | H21: 0
A22: 3.25 | B22: ='Bon de commande'!C47 -> Gin Tonic prêt à boire | C22: 7 | D22: =$A22+($A22*25/100) -> 4.0625 | E22: =$A22+($A22*25/100) -> 4.0625 | F22: =$A22+($A22*30/100) -> 4.225 | G22: =$A22+($A22*30/100) -> 4.225 | H22: 0
A23: 3.75 | B23: ='Bon de commande'!C48 -> Kombucha | C23: 8 | D23: =$A23 -> 3.75 | E23: =$A23 -> 3.75 | F23: =$A23 -> 3.75 | G23: =$A23 -> 3.75 | H23: 0
A24: À discuter | B24: ='Bon de commande'!C49 -> 0 | C24: 9 | D24: =IFERROR($A24+($A24*25/100),"À discuter") -> À discuter | E24: =IFERROR($A24+($A24*24/100),"À discuter") -> À discuter | F24: =IFERROR($A24+($A24*40/100),"À discuter") -> À discuter | G24: =IFERROR($A24+($A24*50/100),"À discuter") -> À discuter | H24: 0
A26: Vins disponibles
C28: Client | D28: ='Menus déroulant'!G4 -> Association étudiante de l'UQAR | E28: ='Menus déroulant'!G5 -> Étudiant(e) de l'UQAR | F28: ='Menus déroulant'!G6 -> Employé(e) de l'UQAR | G28: ='Menus déroulant'!G7 -> Personne, groupe ou association non relié(e) à l'UQAR | H28: 0
A29: prix de base | B29: Produit | D29: 1 | E29: 2 | F29: 3 | G29: 4 | H29: 5
A30: 10.1 | B30: ='Bon de commande'!C59 -> Borsao Tocado Campo de Borja (rouge) | C30: 1 | D30: =$A30+($A30*15/100) -> 11.615 | E30: =$A30+($A30*15/100) -> 11.615 | F30: =$A30+($A30*25/100) -> 12.625 | G30: =$A30+($A30*35/100) -> 13.635 | H30: 0
A31: 10.1 | B31: ='Bon de commande'!C60 -> Concha Y Toro Frontera Chardonnay (blanc) | C31: 2 | D31: =$A31+($A31*15/100) -> 11.615 | E31: =$A31+($A31*15/100) -> 11.615 | F31: =$A31+($A31*25/100) -> 12.625 | G31: =$A31+($A31*35/100) -> 13.635 | H31: 0
A34: Commande spéciale de vins
C36: Client | D36: ='Menus déroulant'!G4 -> Association étudiante de l'UQAR | E36: ='Menus déroulant'!G5 -> Étudiant(e) de l'UQAR | F36: ='Menus déroulant'!G6 -> Employé(e) de l'UQAR | G36: ='Menus déroulant'!G7 -> Personne, groupe ou association non relié(e) à l'UQAR | H36: 0
B37: Produit | D37: 1 | E37: 2 | F37: 3 | G37: 4 | H37: 5
B38: ='Bon de commande'!G81 -> 0 | C38: 1 | D38: 0.15 | E38: 0.15 | F38: 0.25 | G38: 0.35 | H38: 0
B39: ='Bon de commande'!G82 -> 0 | C39: 2 | D39: 0.15 | E39: 0.15 | F39: 0.25 | G39: 0.35 | H39: 0
B40: ='Bon de commande'!G83 -> 0 | C40: 3 | D40: 0.15 | E40: 0.15 | F40: 0.25 | G40: 0.35 | H40: 0
B41: ='Bon de commande'!G84 -> 0 | C41: 4 | D41: 0.15 | E41: 0.15 | F41: 0.25 | G41: 0.35 | H41: 0
B42: ='Bon de commande'!G85 -> 0 | C42: 5 | D42: 0.15 | E42: 0.15 | F42: 0.25 | G42: 0.35 | H42: 0
B43: ='Bon de commande'!G86 -> 0 | C43: 6 | D43: 0.15 | E43: 0.15 | F43: 0.25 | G43: 0.35 | H43: 0
B44: ='Bon de commande'!G87 -> 0 | C44: 7 | D44: 0.15 | E44: 0.15 | F44: 0.25 | G44: 0.35 | H44: 0
B45: ='Bon de commande'!G88 -> 0 | C45: 8 | D45: 0.15 | E45: 0.15 | F45: 0.25 | G45: 0.35 | H45: 0
B46: ='Bon de commande'!G89 -> 0 | C46: 9 | D46: 0.15 | E46: 0.15 | F46: 0.25 | G46: 0.35 | H46: 0
B47: ='Bon de commande'!G90 -> 0 | C47: 10 | D47: 0.15 | E47: 0.15 | F47: 0.25 | G47: 0.35 | H47: 0

Sheet Bon de commande financement
B1: =TODAY() -> 45973
B2: =IF(AND('Formulaire unique'!AA63="oui",'Jeudi de financement - Asso'!AL200="oui"),"","Vous devez tout d'abord remplir le formulaire Jeudi de financement - Asso avant de passer une commande d'alcool") -> Vous devez tout d'abord remplir le formulaire Jeudi de financement - Asso avant de passer une commande d'alcool
Q3: Jeudi de financement - Asso étudiante
Q4: Bon de commande d'alcool
B6: Vous pouvez en tout temps retourner à la Section 1 - Renseignements généraux | AJ6: EN CLIQUANT ICI
C8: Une fois votre demande complétée, veuillez la faire parvenir à : agecar@uqar.ca et agecar.instances@gmail.com
C11: Association : | G11: =IF('Formulaire unique'!T35="","",'Formulaire unique'!T35)
C12: Date : | E12: ='Gestion du temps'!F5
C14: * Il se peut que certains produits ne soient plus disponibles. Vous en serez avisez si c'est le cas.
C15: Produits | O15: Format | R15: Quantité commandée | W15: Donné durant l'événement | AB15: Retour en fin de soirée | AG15: Quantité à facturer | AK15: Prix unitaire | AN15: Total
C17: Liqueurs et crèmes alcoolisées
C18: Abricot Brandy | O18: 26 oz | AG18: =R18+W18-AB18 -> 0 | AK18: 36 | AN18: =AG18*AK18 -> 0
C19: Schnapps aux pêches | O19: 40 oz | AG19: =R19+W19-AB19 -> 0 | AK19: 39 | AN19: =AG19*AK19 -> 0
C20: Triple sec | O20: 26 oz | AG20: =R20+W20-AB20 -> 0 | AK20: 30 | AN20: =AG20*AK20 -> 0
C21: Amaretto Monalisa | O21: 40 oz | AG21: =R21+W21-AB21 -> 0 | AK21: 41 | AN21: =AG21*AK21 -> 0
C22: Baileys' L’Original | O22: 40 oz | AG22: =R22+W22-AB22 -> 0 | AK22: 47 | AN22: =AG22*AK22 -> 0
C23: Sour Puss (non disponible) | O23: 40 oz | AG23: =R23+W23-AB23 -> 0 | AK23: 30 | AN23: =AG23*AK23 -> 0
C24: Chartreuse Verte | O24: 13 oz | AG24: =R24+W24-AB24 -> 0 | AK24: 43 | AN24: =AG24*AK24 -> 0
C25: Curaçao | O25: 26 oz | AG25: =R25+W25-AB25 -> 0 | AK25: 24 | AN25: =AG25*AK25 -> 0
C26: Jaggermeister | O26: 40 oz | AG26: =R26+W26-AB26 -> 0 | AK26: 52 | AN26: =AG26*AK26 -> 0
C27: Malibu | O27: 26 oz | AG27: =R27+W27-AB27 -> 0 | AK27: 29 | AN27: =AG27*AK27 -> 0
C28: Midori | O28: 26 oz | AG28: =R28+W28-AB28 -> 0 | AK28: 34 | AN28: =AG28*AK28 -> 0
C29: Ricard | O29: 26 oz | AG29: =R29+W29-AB29 -> 0 | AK29: 33 | AN29: =AG29*AK29 -> 0
... C33: Tia Maria | O33: 40 oz | AG33: =R33+W33-AB33 -> 0 | AK33: 48 | AN33: =AG33*AK33 -> 0
C34: Gin
C35: Gordon | O35: 40 oz | AG35: =R35+W35-AB35 -> 0 | AK35: 39 | AN35: =AG35*AK35 -> 0
C36: Ungava | O36: 26 oz | AG36: =R36+W36-AB36 -> 0 | AK36: 40 | AN36: =AG36*AK36 -> 0
C37: Gin St-Laurent | O37: 24 oz | AG37: =R37+W37-AB37 -> 0 | AK37: 48 | AN37: =AG37*AK37 -> 0
C38: Gin St-Laurent Citrus | O38: 24 oz | AG38: =R38+W38-AB38 -> 0 | AK38: 48 | AN38: =AG38*AK38 -> 0
C39: Whiskey & Scotch
C40: Jameson | O40: 40 oz | AG40: =R40+W40-AB40 -> 0 | AK40: 58 | AN40: =AG40*AK40 -> 0
C41: Canadian Club | O41: 26 oz | AG41: =R41+W41-AB41 -> 0 | AK41: 31 | AN41: =AG41*AK41 -> 0
C42: Fireball | O42: 40 oz | AG42: =R42+W42-AB42 -> 0 | AK42: 37 | AN42: =AG42*AK42 -> 0
C43: Jack Daniels Old No 7 (non disponible) | O43: 40 oz | AG43: =R43+W43-AB43 -> 0 | AK43: 52 | AN43: =AG43*AK43 -> 0
C44: Jack Daniels Honey (non disponible) | O44: 40 oz | AG44: =R44+W44-AB44 -> 0 | AK44: 53 | AN44: =AG44*AK44 -> 0
C45: Rhum
C46: Bacardi Blanc | O46: 40 oz | AG46: =R46+W46-AB46 -> 0 | AK46: 40 | AN46: =AG46*AK46 -> 0
C47: Captain Morgan épicé | O47: 40 oz | AG47: =R47+W47-AB47 -> 0 | AK47: 49 | AN47: =AG47*AK47 -> 0
C48: Havana Club | O48: 40 oz | AG48: =R48+W48-AB48 -> 0 | AK48: 47 | AN48: =AG48*AK48 -> 0
C49: Téquila
C50: Téquila Jimador | O50: 26 oz | AG50: =R50+W50-AB50 -> 0 | AK50: 44 | AN50: =AG50*AK50 -> 0
C51: Vodka
C52: Vodka (marque selon disponibilité) | O52: 40 oz | AG52: =R52+W52-AB52 -> 0 | AK52: 38 | AN52: =AG52*AK52 -> 0
C53: Jus
C54: Jus d’Orange | O54: 960 ml | AG54: =R54+W54-AB54 -> 0 | AK54: 2 | AN54: =AG54*AK54 -> 0
C55: Jus d’Ananas | O55: 960 ml | AG55: =R55+W55-AB55 -> 0 | AK55: 2 | AN55: =AG55*AK55 -> 0
C56: Jus Tropical | O56: 960 ml | AG56: =R56+W56-AB56 -> 0 | AK56: 2 | AN56: =AG56*AK56 -> 0
C57: Jus de Pamplemousse | O57: 960 ml | AG57: =R57+W57-AB57 -> 0 | AK57: 2 | AN57: =AG57*AK57 -> 0
C58: Jus de Canneberge | O58: 3 litres | AG58: =R58+W58-AB58 -> 0 | AK58: 7.49 | AN58: =AG58*AK58 -> 0
C59: Clamato | O59: 1,89 litres | AG59: =R59+W59-AB59 -> 0 | AK59: 5 | AN59: =AG59*AK59 -> 0
C60: Liqueurs et autres
C61: Pepsi | O61: 2 litres | AG61: =R61+W61-AB61 -> 0 | AK61: 2.5 | AN61: =AG61*AK61 -> 0
C62: 7-Up | O62: 2 litres | AG62: =R62+W62-AB62 -> 0 | AK62: 2.5 | AN62: =AG62*AK62 -> 0
C63: Tonic | O63: 2 litres | AG63: =R63+W63-AB63 -> 0 | AK63: 2.5 | AN63: =AG63*AK63 -> 0
C64: Shooters | O64: 40 unités | AG64: =R64+W64-AB64 -> 0 | AK64: 7.75 | AN64: =AG64*AK64 -> 0
C65: Emprunt d'écocup | O65: Unité | AG65: =-1*AU65 -> 0 | AK65: =IF(AB65="",0,2) -> 0 | AN65: =AG65*AK65 -> 0
C66: Total | AN66: =SUM(AN18:AP65) -> 0
C68: Autres produits (non remboursable)
AG69: =R69 -> 0 | AN69: =AG69*AK69 -> 0
AG70: =R70 -> 0 | AN70: =AG70*AK70 -> 0
AG71: =R71 -> 0 | AN71: =AG71*AK71 -> 0
AG72: =R72 -> 0 | AN72: =AG72*AK72 -> 0
AG73: =R73 -> 0 | AN73: =AG73*AK73 -> 0
C74: Grand Total | AN74: =SUM(AN69:AP72)+AN66 -> 0
C76: Désirez-vous emprunter un bac pour garder le stock au frais ? (Répondez par oui ou non)
C77: =IF(AC76="oui","Prenez note que nous ne fournissons pas de glaçon; prévoyez en acheter","")
C78: Les prix sont sujets à changement sans préavis
C79: Chaque bouteille, pleine, vide ou entamée, doit être retournée au bar après la soirée (50$ d'amende par bouteille)
C80: Tout autre équipement/aliment doit être fourni par l'asso (guenilles, couteau, fruits, grenadine, glaçons, etc.)
C82: Vous devez fournir la liste de prix de vente des items de votre bar d'asso en même temps que la commande d'alcool
H84: Produits que vous prévoyez vendre | Y84: Prix de vente (ex : 1 pour 3$ ou 4 pour 10$)
H85: Cocktails
H86: Cocktails doubles
H87: Cocktails triples
H88: Shooters
H89: Autres
C95: IMPORTANT : Chaque cocktail doit être préparé au fur et à mesure qu'il est commandé. Le MAPAQ ne permet pas de les préparer d'avance.
C98: Une fois votre demande complétée, veuillez la faire parvenir à : agecar@uqar.ca et agecar.instances@gmail.com

Sheet Bon de commande SAQ
A2: Formulaire de commande Restaurateur
B4: Numéro de client: | C4: 3708391 | H4: Succursale d'approv.: | I4: 33505
B5: Nom propriétaire: | C5: Baromètre UQAR-AGECAR | H5: Date:
A6: Catégorie: | C6: A
B7: =SUM(B9:B1079) -> 0 | C7: BTLS | D7: =SUMIF(D9:D1079,">0") -> 0 | E7: caisses
A8: Code Article | B8: Quantité Cmdée en bouteille | C8: UM | D8: CS | E8: Nom du produit | F8: Format | G8: UVC | H8: CUP | I8: Catégorie
A9: =IF('Bon de commande'!C81="","",'Bon de commande'!C81) | B9: =IF('Bon de commande'!AJ81="","",'Bon de commande'!AJ81) | C9: BT | E9: =IF('Bon de commande'!G81="","",'Bon de commande'!G81) | F9: =IF('Bon de commande'!W81="","",CONCATENATE('Bon de commande'!W81,'Bon de commande'!Y81))
A10: =IF('Bon de commande'!C82="","",'Bon de commande'!C82) | B10: =IF('Bon de commande'!AJ82="","",'Bon de commande'!AJ82) | C10: BT | E10: =IF('Bon de commande'!G82="","",'Bon de commande'!G82) | F10: =IF('Bon de commande'!W82="","",CONCATENATE('Bon de commande'!W82,'Bon de commande'!Y82))
A11: =IF('Bon de commande'!C83="","",'Bon de commande'!C83) | B11: =IF('Bon de commande'!AJ83="","",'Bon de commande'!AJ83) | C11: BT | E11: =IF('Bon de commande'!G83="","",'Bon de commande'!G83) | F11: =IF('Bon de commande'!W83="","",CONCATENATE('Bon de commande'!W83,'Bon de commande'!Y83))
A12: =IF('Bon de commande'!C84="","",'Bon de commande'!C84) | B12: =IF('Bon de commande'!AJ84="","",'Bon de commande'!AJ84) | C12: BT | E12: =IF('Bon de commande'!G84="","",'Bon de commande'!G84) | F12: =IF('Bon de commande'!W84="","",CONCATENATE('Bon de commande'!W84,'Bon de commande'!Y84))
A13: =IF('Bon de commande'!C85="","",'Bon de commande'!C85) | B13: =IF('Bon de commande'!AJ85="","",'Bon de commande'!AJ85) | C13: BT | E13: =IF('Bon de commande'!G85="","",'Bon de commande'!G85) | F13: =IF('Bon de commande'!W85="","",CONCATENATE('Bon de commande'!W85,'Bon de commande'!Y85))
A14: =IF('Bon de commande'!C86="","",'Bon de commande'!C86) | B14: =IF('Bon de commande'!AJ86="","",'Bon de commande'!AJ86) | C14: BT | E14: =IF('Bon de commande'!G86="","",'Bon de commande'!G86) | F14: =IF('Bon de commande'!W86="","",CONCATENATE('Bon de commande'!W86,'Bon de commande'!Y86))
A15: =IF('Bon de commande'!C87="","",'Bon de commande'!C87) | B15: =IF('Bon de commande'!AJ87="","",'Bon de commande'!AJ87) | C15: BT | E15: =IF('Bon de commande'!G87="","",'Bon de commande'!G87) | F15: =IF('Bon de commande'!W87="","",CONCATENATE('Bon de commande'!W87,'Bon de commande'!Y87))
A16: =IF('Bon de commande'!C88="","",'Bon de commande'!C88) | B16: =IF('Bon de commande'!AJ88="","",'Bon de commande'!AJ88) | C16: BT | E16: =IF('Bon de commande'!G88="","",'Bon de commande'!G88) | F16: =IF('Bon de commande'!W88="","",CONCATENATE('Bon de commande'!W88,'Bon de commande'!Y88))
A17: =IF('Bon de commande'!C89="","",'Bon de commande'!C89) | B17: =IF('Bon de commande'!AJ89="","",'Bon de commande'!AJ89) | C17: BT | E17: =IF('Bon de commande'!G89="","",'Bon de commande'!G89) | F17: =IF('Bon de commande'!W89="","",CONCATENATE('Bon de commande'!W89,'Bon de commande'!Y89))
A18: =IF('Bon de commande'!C90="","",'Bon de commande'!C90) | B18: =IF('Bon de commande'!AJ90="","",'Bon de commande'!AJ90) | C18: BT | E18: =IF('Bon de commande'!G90="","",'Bon de commande'!G90) | F18: =IF('Bon de commande'!W90="","",CONCATENATE('Bon de commande'!W90,'Bon de commande'!Y90))
C19: BT
C20: BT
C21: BT
C22: BT
C23: BT
C24: BT
C25: BT
C26: BT
C27: BT
C28: BT
C29: BT
C30: BT
... C109: BT
